Workbook

Sheet Aktywa
A1: Meritoros S.A.
A2: ul. Krowoderska 63B/4
A3: 31-158 Kraków
A4: NIP: 6792963176 | AJ4: =5217673.94-5128466.77 -> 89207.17
A6: Bilans
A7: Aktywa
A8: Lp. | B8: Tytuł | C8: Stan na dzień 31.12.2022 | D8: Stan na dzień 31.03.2023 | E8: Stan na dzień 30.06.2023 | F8: Stan na dzień 30.09.2023 | G8: Stan na dzień 31.12.2023 | H8: Stan na dzień 31.03.2024 | I8: Stan na dzień 30.06.2024 | J8: Stan na dzień 30.09.2024 | K8: Stan na dzień 31.12.2024 | L8: Mapowanie | N8: Q12024 | O8: 04-06 | P8: Q22024 | R8: zmiana stanu Q12023/2022 | X8: Q32023 | Z8: Q42023 | AB8: Q12024 | AE8: Q22024
A9: A | B9: AKTYWA TRWAŁE | C9: 546413.64 | D9: =D10+D15+D24+D28+D48 -> 1194662.6 | E9: =E10+E15+E24+E28+E48 -> 1159691 | F9: =F10+F15+F24+F28+F48 -> 1152209.2 | G9: =G10+G15+G24+G28+G48 -> 1241316.9 | H9: =H10+H15+H24+H28+H48 -> 2654107.2 | I9: =I10+I15+I24+I28+I48 -> 2543604.5 | J9: =J10+J15+J24+J28+J48 -> 2535329.6 | K9: =K10+K15+K24+K28+K48 -> 2400065.1 | T9: q12024 | U9: ŚT | V9: Q32023 | W9: Q42023 | X9: wnip | Y9: śt | Z9: wnip | AA9: śt | AB9: wnip | AC9: śt | AE9: wnip | AF9: śt
A10: I | B10: Wartości niematerialne i prawne | C10: 268870.99 | D10: =SUM(D11:D14) -> 319173.19 | E10: =SUM(E11:E14) -> 299837.29 | F10: =SUM(F11:F14) -> 262580.43 | G10: =SUM(G11:G14) -> 220447.17 | H10: =SUM(H11:H14) -> 1618099.2 | I10: =SUM(I11:I14) -> 1532626.4 | J10: =SUM(J11:J14) -> 1437637.9 | K10: =SUM(K11:K14) -> 1344345.7 | M10: =E10-D10 -> -19335.9 | N10: =H10-G10 -> 1397652 | O10: =I10-H10 -> -85472.75 | P10: =I10-G10 -> 1312179.3 | Q10: 070 OBROTY ma | R10: =F10-C10 -> -6290.56 | S10: =G10-C10 -> -48423.82 | T10: =H10-G10 -> 1397652 | U10: amortyzacja ŚT | V10: -47598.25 | W10: -61914.81 | Y10: =V10 -> -47598.25 | AA10: =W10 -> -61914.81 | AC10: -12469.76 | AD10: p | AF10: -31823.4
A11: 1 | B11: Koszty zakończonych prac rozwojowych | C11: 0 | D11: 0 | E11: 0 | F11: 0 | G11: 0 | H11: 0 | I11: 0 | J11: 0 | K11: 0 | Q11: 073 OBROTY MA | U11: amortyzacja WNIP | V11: =-104465.56 -> -104465.56 | W11: -148714.56 | X11: =-104465.56 -> -104465.56 | Z11: =W11 -> -148714.56 | AB11: -66542.85 | AD11: =AB11 -> -66542.85 | AE11: -165156.34 | AL11: zak zcp | AM11: 1464194.9
A12: 2 | B12: Wartość firmy | C12: 0 | D12: 0 | E12: 0 | F12: 0 | G12: 0 | H12: 1439791.6 | I12: 1366581.9 | J12: 1293372.1 | K12: 1220162.4 | Q12: 84 | U12: zakup ŚT i ŚT w bud | V12: =337.4+3589.43 -> 3926.83 | W12: 337.4 | Y12: =V12 -> 3926.83 | AA12: =W12 -> 337.4 | AC12: 0 | AD12: =AC12 -> 0 | AF12: 0 | AG12: =K12-G12 -> 1220162.4 | AL12: am zcp | AM12: -244032.48
A13: 3 | B13: Inne wartości niematerialne i prawne | C13: 268870.99 | D13: 319173.19 | E13: 299837.29 | F13: 262580.43 | G13: 220447.17 | H13: 178307.57 | I13: 166044.57 | J13: 144265.79 | K13: 124183.34 | L13: 020-3, 073-3 | Q13: 020 OBROTY WN | U13: zakup WNIP | V13: 98175 | W13: 100290.74 | X13: 98175 | Z13: =W13 -> 100290.74 | AB13: 1464194.9 | AD13: =AB13 -> 1464194.9 | AE13: 1477335.6 | AG13: =K13-G13 -> -96263.83 | AI13: amort | AJ13: =RPP!N7 -> 427135.58 | AM13: =SUM(AM11:AM12) -> 1220162.4
A14: 4 | B14: Zaliczki na wartości niematerialne i prawne | C14: 0 | D14: 0 | E14: 0 | F14: 0 | G14: 0 | H14: 0 | I14: 0 | J14: 0 | K14: 0 | Q14: 010 OBROTY MA | U14: likwidacja 010 | V14: -17325.37 | W14: -58801.75 | Y14: -17325.37 | AA14: =W14 -> -58801.75 | AC14: 0 | AF14: 0 | AM14: =AM13-AG12 -> 0
A15: II | B15: Rzeczowe aktywa trwałe | C15: 163464.19 | D15: =D16+D22+D23 -> 147008.97 | E15: =E16+E22+E23 -> 131373.28 | F15: =F16+F22+F23 -> 119079.18 | G15: =G16+G22+G23 -> 97601.62 | H15: =H16+H22+H23 -> 112739.92 | I15: =I16+I22+I23 -> 196749.76 | J15: =J16+J22+J23 -> 174423.62 | K15: =K16+K22+K23 -> 154283.89 | M15: =E15-D15 -> -15635.69 | N15: =H15-G15 -> 15138.3 | O15: =I15-H15 -> 84009.84 | P15: =I15-G15 -> 99148.14 | Q15: 070 OBROTY WN | R15: =F15-C15 -> -44385.01 | S15: =G15-C15 -> -65862.57 | T15: =H15-G15 -> 15138.3 | U15: likwidacja 070 | V15: 16611.78 | W15: 54516.59 | Y15: 16611.78 | AA15: =W15 -> 54516.59 | AC15: 0 | AF15: 0 | AL15: zak wnip | AM15: 12550
A16: 1 | B16: Środki trwałe | C16: 163464.19 | D16: =SUM(D17:D21) -> 147008.97 | E16: =SUM(E17:E21) -> 131373.28 | F16: =SUM(F17:F21) -> 115489.75 | G16: =SUM(G17:G21) -> 97601.62 | H16: =SUM(H17:H21) -> 112739.92 | I16: =SUM(I17:I21) -> 196749.76 | J16: =SUM(J17:J21) -> 174423.62 | K16: =SUM(K17:K21) -> 154283.89 | U16: leasing | AF16: 130971.54 | AG16: =K16-G16 -> 56682.27 | AL16: am wnip | AM16: -108813.83
A17: a | B17: grunty (w tym prawo użytkowania wieczystego gruntu) | C17: 0 | D17: 0 | E17: 0 | F17: 0 | G17: 0 | H17: 0 | I17: 0 | J17: 0 | K17: 0 | U17: sprzedaż netto ŚT | W17: 0 | AA17: =W17 -> 0 | AC17: =Y17 -> 0 | AF17: =AB17 -> 0 | AM17: =SUM(AM15:AM16) -> -96263.83
A18: b | B18: budynki, lokale, prawa do lokali i obiekty inżynierii lądowej i wodnej | C18: 0 | D18: 0 | E18: 0 | F18: 0 | G18: 0 | H18: 0 | I18: 0 | J18: 0 | K18: 0 | U18: razem | V18: =SUM(V10:V17) -> -50675.57 | W18: =SUM(W10:W17) -> -114286.39 | X18: =SUM(X10:X17) -> -6290.56 | Y18: =SUM(Y10:Y17) -> -44385.01 | Z18: =SUM(Z10:Z17) -> -48423.82 | AA18: =SUM(AA10:AA17) -> -65862.57 | AB18: =SUM(AB10:AB17) -> 1397652 | AC18: =SUM(AC10:AC17) -> -12469.76 | ... AF18: =SUM(AF10:AF17) -> 99148.14 | AM18: =AM17-AG13 -> 0 | AP18: =AM16+AM21 -> -183103.1
A19: c | B19: urządzenia techniczne i maszyny | C19: 123765.57 | D19: 110208.21 | E19: 97443.01 | F19: 85019.86 | G19: 69771.57 | H19: 87234.49 | I19: 173568.91 | J19: 153461.69 | K19: 135412.02 | L19: 010-2, 070-2 | U19: różnica | V19: =R10+R15-V18 -> 0 | W19: =S10+S15-W18 -> 0 | X19: =R10-X18 -> 0 | Y19: =R15-Y18 -> 0 | Z19: =S10-Z18 -> 0 | AA19: =S15-AA18 -> 0 | AB19: =T10-AB18 -> 0 | AC19: =T15-AC18 -> 27608.06 | AD19: =T10+T15-AD18 -> 15138.3 | AE19: =P15-AE18 -> -1213031.1 | AF19: =P15-AF18 -> 0 | AL19: zak ŚT | AM19: 130971.54 | AP19: =AP18+RZIS!Q16 -> 0
A20: d | B20: środki transportu | C20: 4607.05 | D20: 4330.63 | E20: 4054.21 | F20: 3777.79 | G20: 3501.36 | H20: 3224.94 | I20: 2948.52 | J20: 2672.1 | K20: 2395.67 | U20: brak zapłaty za ŚT | V20: 0 | W20: 0 | AE20: =P10+P15-AE18 -> 99148.14 | AL20: lik ŚT | AM20: -6265.27 | AP20: PK amortyzacja leasing dell
A21: e | B21: inne środki trwałe | C21: 35091.57 | D21: 32470.13 | E21: 29876.06 | F21: 26692.1 | G21: 24328.69 | H21: 22280.49 | I21: 20232.33 | J21: 18289.83 | K21: 16476.2 | L21: 010-4, 070-4 | Q21: =SUM(N10:N15) -> 1412790.3 | U21: zapłata za ŚT | V21: 0 | W21: 0 | AD21: =AD11+AD19 -> -51404.55 | AE21: =AE20+AE11 -> -66008.2 | AL21: am ŚT | AM21: -74289.27 | AP21: 2704.46
A22: 2 | B22: Środki trwałe w budowie | C22: 0 | D22: 0 | E22: 0 | F22: 3589.43 | G22: 0 | H22: 0 | I22: 0 | J22: 0 | K22: 0 | L22: 084 | AL22: um lik ŚT | AM22: 6265.27 | AP22: =AP21+AP19 -> 2704.46
A23: 3 | B23: Zaliczki na środki trwałe w budowie | C23: 0 | D23: 0 | E23: 0 | F23: 0 | G23: 0 | H23: 0 | I23: 0 | J23: 0 | K23: 0 | AM23: =SUM(AM19:AM22) -> 56682.27
A24: III | B24: Należności długoterminowe | C24: 43683.62 | D24: =SUM(D25:D27) -> 55246.56 | E24: =SUM(E25:E27) -> 55246.56 | F24: =SUM(F25:F27) -> 97315.74 | G24: =SUM(G25:G27) -> 109039.81 | H24: =SUM(H25:H27) -> 109039.81 | I24: 0 | J24: =SUM(J25:J27) -> 109039.81 | K24: =SUM(K25:K27) -> 0 | AG24: =K24-G24 -> -109039.81 | AM24: =AM23-AG16 -> 0
A25: 1 | B25: Od jednostek powiązanych | C25: 0 | D25: 0 | E25: 0 | F25: 0 | G25: 0 | H25: 0 | J25: 0 | K25: 0
A26: 2 | B26: Od pozostałych jednostek, w których jednostka posiada zaangażowanie w kapitale | C26: 0 | D26: 0 | E26: 0 | F26: 0 | G26: 0 | H26: 0 | I26: 0 | J26: 0 | K26: 0
A27: 3 | B27: Od jednostek pozostałych | C27: 43683.62 | D27: 55246.56 | E27: 55246.56 | F27: 97315.74 | G27: 109039.81 | H27: 109039.81 | I27: 109039.81 | J27: 109039.81 | K27: 0 | L27: 249
A28: IV | B28: Inwestycje długoterminowe | C28: 0 | D28: =D29+D30+D31+D47 -> 602839 | E28: =E29+E30+E31+E47 -> 602839 | F28: =F29+F30+F31+F47 -> 602839 | G28: =G29+G30+G31+G47 -> 723161 | H28: =H29+H30+H31+H47 -> 723161 | I28: =I29+I30+I31+I47 -> 723161 | J28: =J29+J30+J31+J47 -> 723161 | K28: =K29+K30+K31+K47 -> 723161 | AG28: =K28-G28 -> 0
A29: 1 | B29: Nieruchomości | C29: 0 | D29: 0 | E29: 0 | F29: 0 | G29: 0 | H29: 0 | I29: 0 | J29: 0 | K29: 0
A30: 2 | B30: Wartości niematerialne i prawne | C30: 0 | D30: 0 | E30: 0 | F30: 0 | G30: 0 | H30: 0 | I30: 0 | J30: 0 | K30: 0
A31: 3 | B31: Długoterminowe aktywa finansowe | C31: 0 | D31: =D32+D37+D42 -> 602839 | E31: =E32+E37+E42 -> 602839 | F31: =F32+F37+F42 -> 602839 | G31: =G32+G37+G42 -> 723161 | H31: =H32+H37+H42 -> 723161 | I31: =I32+I37+I42 -> 723161 | J31: =J32+J37+J42 -> 723161 | K31: =K32+K37+K42 -> 723161
A32: a | B32: w jednostkach powiązanych | C32: 0 | D32: =SUM(D33:D36) -> 602839 | E32: =SUM(E33:E36) -> 602839 | F32: =SUM(F33:F36) -> 602839 | G32: =SUM(G33:G36) -> 723161 | H32: =SUM(H33:H36) -> 723161 | I32: =SUM(I33:I36) -> 723161 | J32: =SUM(J33:J36) -> 723161 | K32: 723161
B33: - udziały lub akcje | C33: 0 | D33: 602839 | E33: 602839 | F33: 602839 | G33: 723161 | H33: 723161 | I33: 723161 | J33: 723161 | K33: 723161
B34: - inne papiery wartościowe | C34: 0 | D34: 0 | E34: 0 | F34: 0 | G34: 0 | H34: 0 | I34: 0 | J34: 0 | K34: 0
B35: - udzielone pożyczki | C35: 0 | D35: 0 | E35: 0 | F35: 0 | G35: 0 | H35: 0 | I35: 0 | J35: 0 | K35: 0
B36: - inne długoterminowe aktywa finansowe | C36: 0 | D36: 0 | E36: 0 | F36: 0 | G36: 0 | H36: 0 | I36: 0 | J36: 0 | K36: 0
A37: b | B37: w pozostałych jednostkach, w których jednostka posiada zaangażowanie w kapitale | C37: 0 | D37: 0 | E37: =SUM(E38:E41) -> 0 | F37: =SUM(F38:F41) -> 0 | G37: =SUM(G38:G41) -> 0 | H37: =SUM(H38:H41) -> 0 | I37: =SUM(I38:I41) -> 0 | J37: =SUM(J38:J41) -> 0 | K37: =SUM(K38:K41) -> 0
B38: - udziały lub akcje | C38: 0 | D38: 0 | E38: 0 | F38: 0 | G38: 0 | H38: 0 | I38: 0 | J38: 0 | K38: 0
B39: - inne papiery wartościowe | C39: 0 | D39: 0 | E39: 0 | F39: 0 | G39: 0 | H39: 0 | I39: 0 | J39: 0 | K39: 0
B40: - udzielone pożyczki | C40: 0 | D40: 0 | E40: 0 | F40: 0 | G40: 0 | H40: 0 | I40: 0 | J40: 0 | K40: 0
B41: - inne długoterminowe aktywa finansowe | C41: 0 | D41: 0 | E41: 0 | F41: 0 | G41: 0 | H41: 0 | I41: 0 | J41: 0 | K41: 0
A42: c | B42: w pozostałych jednostkach | C42: 0 | D42: 0 | E42: =SUM(E43:E46) -> 0 | F42: =SUM(F43:F46) -> 0 | G42: =SUM(G43:G46) -> 0 | H42: =SUM(H43:H46) -> 0 | I42: =SUM(I43:I47) -> 0 | J42: =SUM(J43:J46) -> 0 | K42: =SUM(K43:K46) -> 0
B43: - udziały lub akcje | C43: 0 | D43: 0 | E43: 0 | F43: 0 | G43: 0 | H43: 0 | I43: 0 | J43: 0 | K43: 0
B44: - inne papiery wartościowe | C44: 0 | D44: 0 | E44: 0 | F44: 0 | G44: 0 | H44: 0 | I44: 0 | J44: 0 | K44: 0
B45: - udzielone pożyczki | C45: 0 | D45: 0 | E45: 0 | F45: 0 | G45: 0 | H45: 0 | I45: 0 | J45: 0 | K45: 0
B46: - inne długoterminowe aktywa finansowe | C46: 0 | D46: 0 | E46: 0 | F46: 0 | G46: 0 | H46: 0 | I46: 0 | J46: 0 | K46: 0
A47: 4 | B47: Inne inwestycje długoterminowe | C47: 0 | D47: 0 | E47: 0 | F47: 0 | G47: 0 | H47: 0 | I47: 0 | J47: 0 | K47: 0 | L47: 038
A48: V | B48: Długoterminowe rozliczenia międzyokresowe | C48: 70394.84 | D48: =SUM(D49:D50) -> 70394.84 | E48: =SUM(E49:E50) -> 70394.84 | F48: =SUM(F49:F50) -> 70394.84 | G48: =SUM(G49:G50) -> 91067.28 | H48: =SUM(H49:H50) -> 91067.28 | I48: =SUM(I49:I50) -> 91067.28 | J48: =SUM(J49:J50) -> 91067.28 | K48: =SUM(K49:K50) -> 178274.45 | AG48: =K48-G48 -> 87207.17
A49: 1 | B49: Aktywa z tytułu odroczonego podatku dochodowego | C49: 70394.84 | D49: 70394.84 | E49: 70394.84 | F49: 70394.84 | G49: 91067.28 | H49: 91067.28 | I49: 91067.28 | J49: 91067.28 | K49: 178274.45
A50: 2 | B50: Inne rozliczenia międzyokresowe | C50: 0 | D50: 0 | E50: 0 | F50: 0 | G50: 0 | H50: 0 | I50: 0 | J50: 0 | K50: 0
A51: B | B51: AKTYWA OBROTOWE | C51: 2141384.6 | D51: =D52+D58+D76+D93 -> 2663767.3 | E51: =E52+E58+E76+E93 -> 2894003.6 | F51: =F52+F58+F76+F93 -> 2871108.6 | G51: =G52+G58+G76+G93 -> 2274778.9 | H51: =H52+H58+H76+H93 -> 2910899.8 | I51: =I52+I58+I76+I93 -> 2789372.3 | J51: =J52+J58+J76+J93 -> 2865223.9 | K51: =K52+K58+K76+K93 -> 2813608.9
A52: I | B52: Zapasy | C52: 3249.36 | D52: =SUM(D53:D57) -> 1034 | E52: =SUM(E53:E57) -> 4066.54 | F52: =SUM(F53:F57) -> 30494.13 | G52: =SUM(G53:G57) -> 6393.82 | H52: =SUM(H54:H57) -> 965.92 | I52: =SUM(I53:I57) -> 965.92 | J52: =SUM(J53:J57) -> 741.88 | K52: =SUM(K53:K57) -> 15000 | M52: =E52-D52 -> 3032.54 | N52: =H52-G52 -> -5427.9 | O52: =I52-H52 -> 0 | P52: =I52-G52 -> -5427.9 | AG52: =K52-G52 -> 8606.18
A53: 1 | B53: Materiały | C53: 0 | D53: 0 | E53: 0 | F53: 0 | G53: 0 | H53: 0 | I53: 0 | J53: 0 | K53: 0
A54: 2 | B54: Półprodukty i produkty w toku | C54: 0 | D54: 0 | E54: 0 | F54: 0 | G54: 0 | H54: 0 | I54: 0 | J54: 0 | K54: 0
A55: 3 | B55: Produkty gotowe | C55: 0 | D55: 0 | E55: 0 | F55: 0 | G55: 0 | H55: 0 | I55: 0 | J55: 0 | K55: 0
A56: 4 | B56: Towary | C56: 0 | D56: 0 | E56: 0 | F56: 0 | G56: 0 | H56: 0 | I56: 0 | J56: 0 | K56: 0
A57: 5 | B57: Zaliczki na dostawy i usługi | C57: 3249.36 | D57: 1034 | E57: 4066.54 | F57: 30494.13 | G57: 6393.82 | H57: 965.92 | I57: 965.92 | J57: 741.88 | K57: 15000 | L57: 207
A58: II | B58: Należności krótkoterminowe | C58: 1317148.2 | D58: =D59+D64+D69 -> 1712671.8 | E58: =E59+E64+E69 -> 1657437.5 | F58: =F59+F64+F69 -> 1662383.6 | G58: =G59+G64+G69 -> 1826035.7 | H58: =H59+H64+H69 -> 2430055.5 | I58: =I59+I64+I69 -> 2195153.4 | J58: =J59+J64+J69 -> 2265431.4 | K58: =K59+K64+K69 -> 2285536.7
A59: 1 | B59: Należności od jednostek powiązanych | C59: 0 | D59: =D60+D63 -> 21001.56 | E59: =E60+E63 -> 33383.16 | F59: =F60+F63 -> 34002.91 | G59: =G60+G63 -> 39134.27 | H59: =H60+H63 -> 51487.14 | I59: =I60+I63 -> 74852.63 | J59: =J60+J63 -> 490.77 | K59: =K60+K63 -> 490.77 | M59: =E59-D59 -> 12381.6 | N59: =H59-G59 -> 12352.87 | O59: =I59-H59 -> 23365.49 | P59: =I59-G59 -> 35718.36 | AG59: =K59-G59 -> -38643.5
A60: a | B60: z tytułu dostaw i usług, o okresie spłaty: | C60: 0 | D60: =SUM(D61:D62) -> 21001.56 | E60: =SUM(E61:E62) -> 33383.16 | F60: =SUM(F61:F62) -> 34002.91 | G60: =SUM(G61:G62) -> 39134.27 | H60: =SUM(H61:H62) -> 51487.14 | I60: =SUM(I61:I62) -> 74852.63 | J60: =SUM(J61:J62) -> 490.77 | K60: =SUM(K61:K62) -> 490.77
B61: - do 12 miesięcy | C61: 0 | D61: 21001.56 | E61: 33383.16 | F61: 34002.91 | G61: 39134.27 | H61: 51487.14 | I61: 74852.63 | J61: 490.77 | K61: 490.77
B62: - powyżej 12 miesięcy | C62: 0 | D62: 0 | E62: 0 | F62: 0 | G62: 0 | H62: 0 | I62: 0 | J62: 0 | K62: 0
A63: b | B63: inne | C63: 0 | D63: 0 | E63: 0 | F63: 0 | G63: 0 | H63: 0 | I63: 0 | J63: 0 | K63: 0
A64: 2 | B64: Należności od pozostałych jednostek, w których jednostka posiada zaangażowanie w kapitale | C64: 0 | D64: =D65+D68 -> 0 | E64: =E65+E68 -> 0 | F64: =F65+F68 -> 0 | G64: =G65+G68 -> 0 | H64: =H65+H68 -> 0 | I64: =I65+I68 -> 0 | J64: =J65+J68 -> 0 | K64: =K65+K68 -> 0
A65: a | B65: z tytułu dostaw i usług, o okresie spłaty: | C65: 0 | D65: =SUM(D66:D67) -> 0 | E65: =SUM(E66:E67) -> 0 | F65: =SUM(F66:F67) -> 0 | G65: =SUM(G66:G67) -> 0 | H65: =SUM(H66:H67) -> 0 | I65: =SUM(I66:I67) -> 0 | J65: =SUM(J66:J67) -> 0 | K65: =SUM(K66:K67) -> 0
B66: - do 12 miesięcy | C66: 0 | D66: 0 | E66: 0 | F66: 0 | G66: 0 | H66: 0 | I66: 0 | J66: 0 | K66: 0
B67: - powyżej 12 miesięcy | C67: 0 | D67: 0 | E67: 0 | F67: 0 | G67: 0 | H67: 0 | I67: 0 | J67: 0 | K67: 0
A68: b | B68: inne | C68: 0 | D68: 0 | E68: 0 | F68: 0 | G68: 0 | H68: 0 | I68: 0 | J68: 0 | K68: 0
A69: 3 | B69: Należności od pozostałych jednostek | C69: 1317148.2 | D69: =SUM(D70,D73:D75) -> 1691670.2 | E69: =SUM(E70,E73:E75) -> 1624054.3 | F69: =SUM(F70,F73:F75) -> 1628380.7 | G69: =SUM(G70,G73:G75) -> 1786901.4 | H69: =SUM(H70,H73:H75) -> 2378568.4 | I69: =SUM(I70,I73:I75) -> 2120300.8 | J69: =SUM(J70,J73:J75) -> 2264940.6 | K69: =SUM(K70,K73:K75) -> 2285045.9 | M69: =E69-D69 -> -67615.94 | N69: =H69-G69 -> 591667.01 | O69: =I69-H69 -> -258267.64 | P69: =I69-G69 -> 333399.37 | AG69: =K69-G69 -> 498144.55
A70: a | B70: z tytułu dostaw i usług, o okresie spłaty: | C70: 1305304.3 | D70: =SUM(D71:D72) -> 1680373.6 | E70: =SUM(E71:E72) -> 1604333.9 | F70: =SUM(F71:F72) -> 1608518 | G70: =SUM(G71:G72) -> 1728217 | H70: =SUM(H71:H72) -> 2210228.4 | I70: =SUM(I71:I72) -> 2060689.9 | J70: =SUM(J71:J72) -> 2118041.2 | K70: =SUM(K71:K72) -> 2094483.1
B71: - do 12 miesięcy | C71: 1305304.3 | D71: 1680373.6 | E71: 1604333.9 | F71: 1608518 | G71: 1728217 | H71: 2210228.4 | I71: 2060689.9 | J71: 2118041.2 | K71: =2094483.05 -> 2094483.1 | L71: 201 minus 281, 282
B72: - powyżej 12 miesięcy | C72: 0 | D72: 0 | E72: 0 | F72: 0 | G72: 0 | H72: 0 | I72: 0 | J72: 0 | K72: 0
A73: b | B73: z tytułu podatków, dotacji, ceł, ubezpieczeń społecznych i zdrowotnych oraz innych tytułów publicznoprawnych | C73: 0 | D73: 0 | E73: 690 | F73: 0 | G73: 23799.27 | H73: 23680 | I73: 0 | J73: 0 | K73: 51887 | L73: 221-3
A74: c | B74: inne | C74: 11843.9 | D74: 11296.67 | E74: 19030.41 | F74: 19862.7 | G74: 34885.08 | H74: 144660.03 | I74: 59610.84 | J74: 146899.36 | K74: 138675.89 | L74: 202, 231, 235
A75: d | B75: dochodzone na drodze sądowej | C75: 0 | D75: 0 | E75: 0 | F75: 0 | G75: 0 | H75: 0 | I75: 0 | J75: 0 | K75: 0
A76: III | B76: Inwestycje krótkoterminowe | C76: 761045.49 | D76: =D77+D92 -> 887605.17 | E76: =E77+E92 -> 1181647.5 | F76: =F77+F92 -> 1105340.3 | G76: =G77+G92 -> 315453.68 | H76: =H77+H92 -> 219594.8 | I76: =I77+I92 -> 391596.6 | J76: =J77+J92 -> 371422.2 | K76: =K77+K92 -> 219640.47
A77: 1 | B77: Krótkoterminowe aktywa finansowe | C77: 761045.49 | D77: =D78+D83+D88 -> 887605.17 | E77: =E78+E83+E88 -> 1181647.5 | F77: =F78+F83+F88 -> 1105340.3 | G77: =G78+G83+G88 -> 315453.68 | H77: =H78+H83+H88 -> 219594.8 | I77: =I78+I83+I88 -> 391596.6 | J77: =J78+J83+J88 -> 371422.2 | K77: =K78+K83+K88 -> 219640.47
A78: a | B78: w jednostkach powiązanych | C78: 0 | D78: =SUM(D79:D82) -> 0 | E78: =SUM(E79:E82) -> 0 | F78: =SUM(F79:F82) -> 0 | G78: =SUM(G79:G82) -> 80315.62 | H78: =SUM(H79:H82) -> 91581.37 | I78: =SUM(I79:I82) -> 102927.67 | J78: =SUM(J79:J82) -> 96492.6 | K78: =SUM(K79:K82) -> 91724.17
B79: - udziały lub akcje | C79: 0 | D79: 0 | E79: 0 | F79: 0 | G79: 0 | H79: 0 | I79: 0 | J79: 0 | K79: 0
B80: - inne papiery wartościowe | C80: 0 | D80: 0 | E80: 0 | F80: 0 | G80: 0 | H80: 0 | I80: 0 | J80: 0 | K80: 0
B81: - udzielone pożyczki | C81: 0 | D81: 0 | E81: 0 | F81: 0 | G81: 80315.62 | H81: 91581.37 | I81: 102927.67 | J81: 96492.6 | K81: 91724.17 | L81: 241-1-2-2 i 3 | N81: =H81-G81 -> 11265.75 | O81: =I81-H81 -> 11346.3 | P81: =I81-G81 -> 22612.05 | Q81: 20000 | R81: kapitał | AG81: =K81-G81 -> 11408.55 | AL81: udzielenie pożyczki Bluematcia | AM81: 20000
B82: - inne krótkoterminowe aktywa finansowe | C82: 0 | D82: 0 | E82: 0 | F82: 0 | G82: 0 | H82: 0 | I82: 0 | J82: 0 | K82: 0 | Q82: 2612.05 | R82: odsetki | AL82: udzielenie pożyczki Inventity | AM82: 120000
A83: b | B83: w pozostałych jednostkach | C83: 356131.75 | D83: 199946.81 | E83: =SUM(E84:E87) -> 0 | F83: =SUM(F84:F87) -> 135000.8 | G83: =SUM(G84:G87) -> 173820.2 | H83: =SUM(H84:H87) -> 120060 | I83: =SUM(I84:I87) -> 261907.31 | J83: =SUM(J84:J87) -> 261392.24 | K83: =SUM(K84:K87) -> 109521.4 | AG83: =K83-G83 -> -64298.8 | AL83: naliczone odsetki Bluematica | AM83: 5408.55
B84: - udziały lub akcje | C84: 356131.75 | D84: 199946.81 | E84: 0 | F84: 135000.8 | G84: 173820.2 | H84: 120060 | I84: 139803.2 | J84: 136868.4 | K84: 109521.4 | L84: 031 | M84: =E84-D84 -> -199946.81 | N84: =H84-G84 -> -53760.2 | O84: =I84-H84 -> 19743.2 | P84: =I84-G84 -> -34017 | AL84: naliczone odsetki Inventity | AM84: =6759.45 -> 6759.45
B85: - inne papiery wartościowe | C85: 0 | D85: 0 | E85: 0 | F85: 0 | G85: 0 | H85: 0 | I85: 0 | J85: 0 | K85: 0 | AL85: spłata pożyczki Bluematica | AM85: =-14000 -> -14000
B86: - udzielone pożyczki | C86: 0 | D86: 0 | E86: 0 | F86: 0 | G86: 0 | H86: 0 | I86: 122104.11 | J86: 124523.84 | K86: 0 | M86: 0 | O86: =I86-H86 -> 122104.11 | P86: =I86-G86 -> 122104.11 | Q86: 120000 | R86: kapitał | AL86: spłata pożyczki Inventity | AM86: -120000
B87: - inne krótkoterminowe aktywa finansowe | C87: 0 | D87: 0 | E87: 0 | F87: 0 | G87: 0 | H87: 0 | I87: 0 | J87: 0 | K87: 0 | Q87: 2104.11 | R87: odsetki | S87: =Q87+Q82 -> 4716.16 | AL87: spłata odsetek Inventity | AM87: -6759.45
A88: c | B88: środki pieniężne i inne aktywa pieniężne | C88: 404913.74 | D88: =SUM(D89:D91) -> 687658.36 | E88: =SUM(E89:E91) -> 1181647.5 | F88: =SUM(F89:F91) -> 970339.54 | G88: =SUM(G89:G91) -> 61317.86 | H88: =SUM(H89:H91) -> 7953.43 | I88: =SUM(I89:I91) -> 26761.62 | J88: =SUM(J89:J91) -> 13537.36 | K88: =SUM(K89:K91) -> 18394.9 | M88: =E88-D88 -> 493989.16 | N88: =H88-G88 -> -53364.43 | O88: =I88-H88 -> 18808.19 | P88: =I88-G88 -> -34556.24 | AG88: =K88-G88 -> -42922.96 | AM88: =SUM(AM81:AM87) -> 11408.55
B89: - środki pieniężne w kasie i na rachunkach | C89: 404913.74 | D89: 687658.36 | E89: 1181647.5 | F89: 970339.54 | G89: 61317.86 | H89: 7953.43 | I89: 26761.62 | J89: 13537.36 | K89: 18394.9 | L89: 101, 131 | AM89: =AM88-AG81 -> 0
B90: - inne środki pieniężne | C90: 0 | D90: 0 | E90: 0 | F90: 0 | G90: 0 | H90: 0 | I90: 0 | J90: 0 | K90: 0
B91: - inne aktywa pieniężne | C91: 0 | D91: 0 | E91: 0 | F91: 0 | G91: 0 | H91: 0 | I91: 0 | J91: 0 | K91: 0 | AL91: aktualizacja wyceny aktywów finansowych | AM91: =-126396.5+62097.7 -> -64298.8
A92: 2 | B92: Inne inwestycje krótkoterminowe | C92: 0 | D92: 0 | E92: 0 | F92: 0 | G92: 0 | H92: 0 | I92: 0 | J92: 0 | K92: 0 | R92: =130000 -> 130000 | AM92: =AM91-AG83 -> 0
A93: IV | B93: Krótkoterminowe rozliczenia międzyokresowe | C93: 59941.6 | D93: 62456.29 | E93: 50852.11 | F93: 72890.55 | G93: 126895.7 | H93: 260283.49 | I93: 201656.42 | J93: 227628.52 | K93: 293431.69 | L93: 221-1, 221-4, 649-1-1-KPO, 649-1-1-KPR | M93: =E93-D93 -> -11604.18 | N93: =H93-G93 -> 133387.79 | O93: =I93-H93 -> -58627.07 | P93: =I93-G93 -> 74760.72 | R93: 153193.61 | S93: =R93-R92 -> 23193.61 | AG93: =K93-G93 -> 166535.99
A94: C | B94: Należne wpłaty na kapitał (fundusz) podstawowy | C94: 0 | D94: 0 | E94: 0 | F94: 0 | G94: 0 | H94: 0 | I94: 0 | J94: 0 | K94: 0
A95: D | B95: Udziały (akcje) własne | C95: 0 | D95: 0 | E95: 0 | F95: 0 | G95: 0 | H95: 0 | I95: 0 | J95: 0 | K95: 0
B96: AKTYWA RAZEM | C96: 2687798.3 | D96: =D9+D51+D94+D95 -> 3858429.8 | E96: =E9+E51+E94+E95 -> 4053694.6 | F96: =F9+F51+F94+F95 -> 4023317.8 | G96: =G9+G51+G94+G95 -> 3516095.7 | H96: =H9+H51+H94+H95 -> 5565006.9 | I96: =I9+I51+I94+I95 -> 5332976.8 | J96: =J9+J51+J94+J95 -> 5400553.6 | K96: =K9+K51+K94+K95 -> 5213673.9 | M96: =SUM(M8:M94) -> 195264.78 | N96: =SUM(N8:N94) -> 2048911.2 | O96: =SUM(O8:O94) -> -122990.33 | P96: =SUM(P8:P94) -> 1925920.9
AG98: =SUM(AG9:AG96) -> 1697578.2
M99: =-M93+Pasywa!N63 -> 10284.18
O100: =-O93+Pasywa!P63 -> 63476.07

Sheet Pasywa
A1: Meritoros S.A.
A2: ul. Krowoderska 63B/4
A3: 31-158 Kraków
A4: NIP: 6792963176
A6: Bilans
A7: Pasywa
A8: Lp. | B8: Tytuł | C8: Stan na dzień 31.12.2022 | D8: Stan na dzień 31.03.2023 | E8: Stan na dzień 30.06.2023 | F8: Stan na dzień 30.09.2023 | G8: Stan na dzień 31.12.2023 | H8: Stan na dzień 31.03.2024 | I8: Stan na dzień 30.06.2024 | J8: Stan na dzień 30.09.2024 | K8: Stan na dzień 31.12.2024 | L8: Mapowanie | O8: Q12024 | T8: Q22024
A9: A | B9: KAPITAŁ (FUNDUSZ) WŁASNY | C9: 1040229.4 | D9: =SUM(D10,D11,D13,D15,D18:D20) -> 1483892.2 | E9: =SUM(E10,E11,E13,E15,E18:E20) -> 1631767 | F9: =SUM(F10,F11,F13,F15,F18:F20) -> 1500448.5 | G9: =SUM(G10,G11,G13,G15,G18:G20) -> 1195892.2 | H9: =SUM(H10,H11,H13,H15,H18:H20) -> 1170672.2 | I9: =SUM(I10,I11,I13,I15,I18:I20) -> 1137660.5 | J9: =SUM(J10,J11,J13,J15,J18:J20) -> 1099971 | K9: =SUM(K10,K11,K13,K15,K18:K20) -> 1593973.3
A10: I | B10: Kapitał (fundusz) podstawowy | C10: 120000 | D10: 120000 | E10: 120000 | F10: 120000 | G10: 120000 | H10: 120000 | I10: 120000 | J10: 120000 | K10: 120000 | L10: 803
A11: II | B11: Kapitał (fundusz) zapasowy, w tym: | C11: 397531.17 | D11: =397531.17 -> 397531.17 | E11: 397531.17 | F11: 632229.4 | G11: 632229.4 | H11: 632229.4 | I11: 632229.4 | J11: 1075892.2 | K11: 1075892.2 | L11: 804 | W11: =K11-G11 -> 443662.78
B12: - nadwyżka wartości sprzedaży (wartości emisyjnej) nad wartością nominalną udziałów (akcji) | C12: 0 | D12: 0 | E12: 0 | F12: 0 | G12: 0 | H12: 0 | I12: 0 | J12: 0 | K12: 0
A13: III | B13: Kapitał (fundusz) z aktualizacji wyceny, w tym: | C13: 0 | D13: 0 | E13: 0 | F13: 0 | G13: 0 | H13: 0 | I13: 0 | J13: 0 | K13: 0
B14: - z tytułu aktualizacji wartości godziwej | C14: 0 | D14: 0 | E14: 0 | F14: 0 | G14: 0 | H14: 0 | I14: 0 | J14: 0 | K14: 0
A15: IV | B15: Pozostałe kapitały (fundusze) rezerwowe, w tym: | C15: 0 | D15: 0 | E15: 0 | F15: 0 | G15: 0 | H15: 0 | I15: 0 | J15: 0 | K15: 0
B16: - tworzone zgodnie z umową (statutem) spółki | C16: 0 | D16: 0 | E16: 0 | F16: 0 | G16: 0 | H16: 0 | I16: 0 | J16: 0 | K16: 0
B17: - na udziały (akcje) własne | C17: 0 | D17: 0 | E17: 0 | F17: 0 | G17: 0 | H17: 0 | I17: 0 | J17: 0 | K17: 0
A18: V | B18: Zysk (strata) z lat ubiegłych | C18: 0 | D18: =$C$19 -> 522698.23 | E18: =$C$19 -> 522698.23 | F18: 288000 | G18: 0 | H18: 443662.78 | I18: 443662.78 | J18: 0 | K18: 0 | N18: =E18-D18 -> 0 | O18: =H18-G18 -> 443662.78 | P18: =I18-H18 -> 0 | T18: =I18-G18 -> 443662.78
A19: VI | B19: Zysk (strata) netto | C19: 522698.23 | D19: =RZIS!G61 -> 443662.78 | E19: =RZIS!H61 -> 591537.55 | F19: =RZIS!I61 -> 460219.07 | G19: =RZIS!J61 -> 443662.78 | H19: -25219.97 | I19: =RZIS!O61 -> -58231.69 | J19: =RZIS!P61 -> -95921.18 | K19: =RZIS!Q61 -> 398081.12 | N19: =E19-D19 -> 147874.77 | O19: =H19-G19 -> -468882.75 | P19: =I19-H19 -> -33011.72 | T19: =I19-G19 -> -501894.47 | W19: =K19-G19 -> -45581.66
A20: VII | B20: Odpisy z zysku netto w ciągu roku obrotowego (wielkość ujemna) | C20: 0 | D20: 0 | E20: 0 | F20: 0 | G20: 0 | H20: 0 | I20: 0 | J20: 0 | K20: 0
A21: B | B21: ZOBOWIĄZANIA I REZERWY NA ZOBOWIĄZANIA | C21: 1647568.9 | D21: =D22+D30+D39+D63 -> 2514799.2 | E21: =E22+E30+E39+E63 -> 2421824.7 | F21: =F22+F30+F39+F63 -> 2522869.4 | G21: =G22+G30+G39+G63 -> 2320203.6 | H21: =H22+H30+H39+H63 -> 4394334.7 | I21: =I22+I30+I39+I63 -> 4304356.1 | J21: =J22+J30+J39+J63 -> 4299174.4 | K21: =K22+K30+K39+K63 -> 3619700.6 | L21: =I21-G21 -> 1984152.6
A22: I | B22: Rezerwy na zobowiązania | C22: 155616.6 | D22: =D23+D24+D27 -> 650510.55 | E22: =E23+E24+E27 -> 622089.6 | F22: =F23+F24+F27 -> 622089.6 | G22: =G23+G24+G27 -> 171611.65 | H22: =H23+H24+H27 -> 644595.3 | I22: =I23+I24+I27 -> 644595.3 | J22: =J23+J24+J27 -> 630601.65 | K22: =K23+K24+K27 -> 174140.91 | N22: =E22-D22 -> -28420.95 | O22: =H22-G22 -> 472983.65 | P22: =I22-H22 -> 0 | T22: =I22-G22 -> 472983.65 | W22: =K22-G22 -> 2529.26
A23: 1 | B23: Rezerwa z tytułu odroczonego podatku dochodowego | C23: 28399.31 | D23: 28399.31 | E23: 28399.31 | F23: 28399.31 | G23: 17246.8 | H23: 17246.8 | I23: 17246.8 | J23: 17246.8 | K23: 30341.56
A24: 2 | B24: Rezerwa na świadczenia emerytalne i podobne | C24: 118517.29 | D24: =SUM(D25:D26) -> 622111.24 | E24: =SUM(E25:E26) -> 593690.29 | F24: =SUM(F25:F26) -> 593690.29 | G24: =SUM(G25:G26) -> 141164.85 | H24: =SUM(H25:H26) -> 627348.5 | I24: =SUM(I25:I26) -> 627348.5 | J24: =SUM(J25:J26) -> 613354.85 | K24: =SUM(K25:K26) -> 127799.35
B25: - długoterminowa | C25: 0 | D25: 0 | E25: 0 | F25: 0 | G25: 0 | H25: 0 | I25: 0 | J25: 0 | K25: 0
B26: - krótkoterminowa | C26: 118517.29 | D26: 622111.24 | E26: 593690.29 | F26: 593690.29 | G26: =154364.85-13200 -> 141164.85 | H26: 627348.5 | I26: 627348.5 | J26: 613354.85 | K26: 127799.35
A27: 3 | B27: Pozostałe rezerwy | C27: 8700 | D27: =SUM(D28:D29) -> 0 | E27: =SUM(E28:E29) -> 0 | F27: =SUM(F28:F29) -> 0 | G27: =SUM(G28:G29) -> 13200 | H27: =SUM(H28:H29) -> 0 | I27: =SUM(I28:I29) -> 0 | J27: =SUM(J28:J29) -> 0 | K27: =SUM(K28:K29) -> 16000
B28: - długoterminowe | C28: 0 | D28: 0 | E28: 0 | F28: 0 | G28: 0 | H28: 0 | I28: 0 | J28: 0 | K28: 0
B29: - krótkoterminowe | C29: 8700 | D29: 0 | E29: 0 | F29: 0 | G29: 13200 | H29: 0 | I29: 0 | J29: 0 | K29: 16000
A30: II | B30: Zobowiązania długoterminowe | C30: 0 | D30: =SUM(D31:D33) -> 358438.36 | E30: =SUM(E31:E33) -> 368036.99 | F30: =SUM(F31:F33) -> 377741.1 | G30: =SUM(G31:G33) -> 0 | H30: =SUM(H31:H33) -> 1017994.5 | I30: =SUM(I31:I33) -> 1037939.7 | J30: =SUM(J31:J33) -> 1058104.1 | K30: =SUM(K31:K33) -> 63801.13 | S30: suma
A31: 1 | B31: Wobec jednostek powiązanych | C31: 0 | D31: 358438.36 | E31: 368036.99 | F31: 377741.1 | G31: 0 | H31: 1017994.5 | I31: 1037939.7 | J31: 1058104.1 | K31: 0 | L31: 241-1 | N31: =E31-D31 -> 9598.63 | O31: =H31-G31 -> 1017994.5 | P31: =I31-H31 -> 19945.2 | Q31: 250000 | R31: Gar | S31: =Q31+Q33+Q35 -> 1000000 | T31: =I31-G31 -> 1037939.7 | W31: =K31-G31 -> 0
A32: 2 | B32: Wobec pozostałych jednostek, w których jednostka posiada zaangażowanie w kapitale | C32: 0 | D32: 0 | E32: 0 | F32: 0 | G32: 0 | H32: 0 | I32: 0 | J32: 0 | K32: 0 | Q32: 9435.62 | R32: Ods | S32: =Q32+Q34+Q36 -> 37939.73
A33: 3 | B33: Wobec pozostałych jednostek | C33: 0 | D33: =SUM(D34:D38) -> 0 | E33: =SUM(E34:E38) -> 0 | F33: =SUM(F34:F38) -> 0 | G33: =SUM(G34:G38) -> 0 | H33: =SUM(H34:H38) -> 0 | I33: =SUM(I34:I38) -> 0 | J33: =SUM(J34:J38) -> 0 | K33: =SUM(K34:K38) -> 63801.13 | Q33: 450000 | R33: Para
A34: a | B34: kredyty i pożyczki | C34: 0 | D34: 0 | E34: 0 | F34: 0 | G34: 0 | H34: 0 | I34: 0 | J34: 0 | K34: 0 | Q34: 17304.11 | R34: Ods
A35: b | B35: z tytułu emisji dłużnych papierów wartościowych | C35: 0 | D35: 0 | E35: 0 | F35: 0 | G35: 0 | H35: 0 | I35: 0 | J35: 0 | K35: 0 | Q35: 300000 | R35: Pien
A36: c | B36: inne zobowiązania finansowe | C36: 0 | D36: 0 | E36: 0 | F36: 0 | G36: 0 | H36: 0 | I36: 0 | J36: 0 | K36: 63801.13 | Q36: 11200 | R36: Ods | W36: =K36-G36 -> 63801.13
A37: d | B37: zobowiązania wekslowe | C37: 0 | D37: 0 | E37: 0 | F37: 0 | G37: 0 | H37: 0 | I37: 0 | J37: 0 | K37: 0 | Q37: =SUM(Q31:Q36) -> 1037939.7
A38: e | B38: inne | C38: 0 | D38: 0 | E38: 0 | F38: 0 | G38: 0 | H38: 0 | I38: 0 | J38: 0 | K38: 0
A39: III | B39: Zobowiązania krótkoterminowe | C39: 1471029.3 | D39: =D40+D45+D50+D62 -> 1484710.3 | E39: =E40+E45+E50+E62 -> 1411878.1 | F39: =F40+F45+F50+F62 -> 1500638.7 | G39: =G40+G45+G50+G62 -> 2130951.9 | H39: =H40+H45+H50+H62 -> 2713023.9 | I39: =I40+I45+I50+I62 -> 2598251.1 | J39: =J40+J45+J50+J62 -> 2519765.6 | K39: =K40+K45+K50+K62 -> 3341818.4 | L39: =I39-G39 -> 467299.19 | M39: =F39-C39 -> 29609.36
A40: 1 | B40: Zobowiązania wobec jednostek powiązanych | C40: 0 | D40: =D41+D44 -> 0 | E40: =E41+E44 -> 0 | F40: =F41+F44 -> 0 | G40: =G41+G44 -> 121000 | H40: =H41+H44 -> 85857.01 | I40: =I41+I44 -> 85857.01 | J40: =J41+J44 -> 0 | K40: =K41+K44 -> 14760 | L40: =L39-T51 -> 78691.04 | M40: =M39-F53 -> 29609.36 | N40: =E40-D40 -> 0 | O40: =H40-G40 -> -35142.99 | P40: =I40-H40 -> 0 | T40: =I40-G40 -> -35142.99
A41: a | B41: z tytułu dostaw i usług, o okresie wymagalności: | C41: 0 | D41: =SUM(D42:D43) -> 0 | E41: =SUM(E42:E43) -> 0 | F41: =SUM(F42:F43) -> 0 | G41: =SUM(G42:G43) -> 0 | H41: =SUM(H42:H43) -> 0 | I41: =SUM(I42:I43) -> 0 | J41: =SUM(J42:J43) -> 0 | K41: =SUM(K42:K43) -> 14760 | M41: =E39-D39 -> -72832.2 | W41: =K41-G41 -> 14760
B42: - do 12 miesięcy | C42: 0 | D42: 0 | E42: 0 | F42: 0 | G42: 0 | H42: 0 | I42: 0 | J42: 0 | K42: 14760 | M42: =I39-H39 -> -114772.81
B43: - powyżej 12 miesięcy | C43: 0 | D43: 0 | E43: 0 | F43: 0 | G43: 0 | H43: 0 | I43: 0 | J43: 0 | K43: 0
A44: b | B44: inne | C44: 0 | D44: 0 | E44: 0 | F44: 0 | G44: 121000 | H44: 85857.01 | I44: 85857.01 | J44: 0 | K44: 0 | W44: =K44-G44 -> -121000 | Z44: dywidenda taxaide | AA44: =-85857.01 -> -85857.01
A45: 2 | B45: Zobowiązania wobec pozostałych jednostek, w których jednostka posiada zaangażowanie w kapitale | C45: 0 | D45: =D46+D49 -> 0 | E45: =E46+E49 -> 0 | F45: =F46+F49 -> 0 | G45: =G46+G49 -> 0 | H45: =H46+H49 -> 0 | I45: =I46+I49 -> 0 | J45: =J46+J49 -> 0 | K45: =K46+K49 -> 0 | Z45: przeksięgowanie różnicy na rozrachunki z tytułu dostaw | AA45: -35142.99
A46: a | B46: z tytułu dostaw i usług, o okresie wymagalności: | C46: 0 | D46: =SUM(D47:D48) -> 0 | E46: =SUM(E47:E48) -> 0 | F46: =SUM(F47:F48) -> 0 | G46: =SUM(G47:G48) -> 0 | H46: =SUM(H47:H48) -> 0 | I46: =SUM(I47:I48) -> 0 | J46: =SUM(J47:J48) -> 0 | K46: =SUM(K47:K48) -> 0 | P46: 0 | AA46: =SUM(AA44:AA45) -> -121000
B47: - do 12 miesięcy | C47: 0 | D47: 0 | E47: 0 | F47: 0 | G47: 0 | H47: 0 | I47: 0 | J47: 0 | K47: 0 | AA47: =AA46-W44 -> 0
B48: - powyżej 12 miesięcy | C48: 0 | D48: 0 | E48: 0 | F48: 0 | G48: 0 | H48: 0 | I48: 0 | J48: 0 | K48: 0
B49: inne | C49: 0 | D49: 0 | E49: 0 | F49: 0 | G49: 0 | H49: 0 | I49: 0 | J49: 0 | K49: 0 | P49: =109809.92-10106.07 -> 99703.85
A50: 3 | B50: Wobec pozostałych jednostek | C50: 1471029.3 | D50: =SUM(D51:D54)+SUM(D57:D61) -> 1468852.1 | E50: =SUM(E51:E54)+SUM(E57:E61) -> 1353143.3 | F50: =SUM(F51:F54)+SUM(F57:F61) -> 1461925.5 | G50: =SUM(G51:G54)+SUM(G57:G61) -> 1980909.2 | H50: =SUM(H51:H54)+SUM(H57:H61) -> 2601419.9 | I50: =SUM(I51:I54)+SUM(I57:I61) -> 2486647.1 | J50: =SUM(J51:J54)+SUM(J57:J61) -> 2494018.7 | K50: =SUM(K51:K54)+SUM(K57:K61) -> 3327058.4 | L50: =88700.98-L51 -> 55967.04 | Q50: =109809.92+P51 -> 16244.5
A51: a | B51: kredyty i pożyczki | C51: 0 | D51: 0 | E51: 0 | F51: 0 | G51: 15512.34 | H51: 497685.91 | I51: 404120.49 | J51: 474325.55 | K51: 1180307.9 | L51: =I53+I51-H51 -> 32733.94 | N51: =E51-D51 -> 0 | O51: =H51-G51 -> 482173.57 | P51: =I51-H51 -> -93565.42 | Q51: 20279.86 | R51: karta | S51: =I51-H51 -> -93565.42 | T51: =I51-G51 -> 388608.15 | W51: =K51-G51 -> 1164795.5 | Z51: pożyczki otrzymane | AA51: 200000
A52: b | B52: z tytułu emisji dłużnych papierów wartościowych | C52: 0 | D52: 0 | E52: 0 | F52: 0 | G52: 0 | H52: 0 | I52: 0 | J52: 0 | K52: 0 | Q52: 383840.63 | R52: rach bież | Z52: naliczone odsetki | AA52: 5742.47
A53: c | B53: inne zobowiązania finansowe | C53: 0 | D53: 0 | E53: 0 | F53: 0 | G53: 0 | H53: 27524.66 | I53: 126299.36 | J53: 114558.14 | K53: 38986.69 | L53: 260 | N53: =E53-D53 -> 0 | P53: =I53-H53 -> 98774.7 | T53: =I53-H53 -> 98774.7 | W53: =K53-G53 -> 38986.69 | Z53: spłaty pożyczek | AA53: -200000
A54: d | B54: z tytułu dostaw i usług, o okresie wymagalności: | C54: 506192.12 | D54: =SUM(D55:D56) -> 355820.51 | E54: =SUM(E55:E56) -> 264955.2 | F54: =SUM(F55:F56) -> 379285.39 | G54: =SUM(G55:G56) -> 803925.03 | H54: =SUM(H55:H56) -> 546740.23 | I54: =SUM(I55:I56) -> 452328.69 | J54: =SUM(J55:J56) -> 512870.29 | K54: =SUM(K55:K56) -> 583380.24 | N54: =E54-D54 -> -90865.31 | O54: =H54-G54 -> -257184.8 | P54: =I54-H54 -> -94411.54 | T54: =I54-G54 -> -351596.34 | W54: =K54-G54 -> -220544.79 | Z54: spłaty odsetek | AA54: -5742.47
B55: - do 12 miesięcy | C55: 506192.12 | D55: 355820.51 | E55: 264955.2 | F55: 379285.39 | G55: 803925.03 | H55: 546740.23 | I55: 452328.69 | J55: 512870.29 | K55: 583380.24 | L55: 202, 649-1-1-KPR | Q55: =SUM(Q51:Q54) -> 404120.49 | R55: suma | AA55: =SUM(AA51:AA54) -> 0
B56: - powyżej 12 miesięcy | C56: 0 | D56: 0 | E56: 0 | F56: 0 | G56: 0 | H56: 0 | I56: 0 | J56: 0 | K56: 0
A57: e | B57: zaliczki otrzymane na dostawy i usługi | C57: 0 | D57: 0 | E57: 0 | F57: 0 | G57: 0 | H57: 0 | I57: 0 | J57: 0 | K57: 0 | Z57: jednostki powiązane
A58: f | B58: zobowiązania wekslowe | C58: 0 | D58: 0 | E58: 0 | F58: 0 | G58: 0 | H58: 0 | I58: 0 | J58: 0 | K58: 0 | Z58: pożyczki otrzymane | AA58: 123000
A59: g | B59: z tytułu podatków, ceł, ubezpieczeń społecznych i zdrowotnych oraz innych tytułów publicznoprawnych | C59: 494522.23 | D59: 559907.9 | E59: 577665.2 | F59: 578044.89 | G59: 568523.13 | H59: 752208.61 | I59: 777682.43 | J59: 744560.93 | K59: 808598.35 | L59: 220, 221-7, 221-3 | N59: =E59-D59 -> 17757.3 | O59: =H59-G59 -> 183685.48 | P59: =I59-H59 -> 25473.82 | T59: =I59-G59 -> 209159.3 | W59: =K59-G59 -> 240075.22 | Z59: naliczone odsetki | AA59: 6294.79
A60: h | B60: z tytułu wynagrodzeń | C60: 441417.69 | D60: 529608.95 | E60: 484358.04 | F60: 476117.64 | G60: 564265.09 | H60: 722075.6 | I60: 659987.34 | J60: 609969.67 | K60: 670786.31 | L60: 231 | N60: =E60-D60 -> -45250.91 | O60: =H60-G60 -> 157810.51 | P60: =I60-H60 -> -62088.26 | T60: =I60-G60 -> 95722.25 | W60: =K60-G60 -> 106521.22 | Z60: karta kredytowa | AA60: =6610.06-15512.34-2000 -> -10902.28
A61: i | B61: inne | C61: 28897.25 | D61: 23514.71 | E61: 26164.82 | F61: 28477.61 | G61: 28683.63 | H61: 55184.94 | I61: 66228.83 | J61: 37734.11 | K61: 44998.89 | L61: 201, 234, 235 | N61: =E61-D61 -> 2650.11 | O61: =H61-G61 -> 26501.31 | P61: =I61-H61 -> 11043.89 | T61: =I61-G61 -> 37545.2 | W61: =K61-G61 -> 16315.26 | Z61: kredyt w rachunku bieżącym | AA61: 19000.29
A62: 4 | B62: Fundusze specjalne | C62: 0 | D62: 15858.19 | E62: 58734.8 | F62: 38713.12 | G62: 29042.69 | H62: 25746.95 | I62: 25746.95 | J62: 25746.95 | K62: 0 | N62: =E62-D62 -> 42876.61 | O62: =H62-G62 -> -3295.74 | P62: =I62-H62 -> 0 | T62: =I62-G62 -> -3295.74 | W62: =K62-G62 -> -29042.69 | AA62: =SUM(AA58:AA61) -> 137392.8
A63: IV | B63: Rozliczenia międzyokresowe | C63: 20923 | D63: =D64+D65 -> 21140 | E63: =E64+E65 -> 19820 | F63: =F64+F65 -> 22400 | G63: =G64+G65 -> 17640 | H63: =H64+H65 -> 18721 | I63: =I64+I65 -> 23570 | J63: =J64+J65 -> 90703 | K63: =K64+K65 -> 39940.24 | N63: =E63-D63 -> -1320 | O63: =H63-G63 -> 1081 | P63: =I63-H63 -> 4849 | S63: =I63-H63 -> 4849 | T63: =I63-G63 -> 5930
A64: 1 | B64: Ujemna wartość firmy | C64: 0 | D64: 0 | E64: 0 | F64: 0 | G64: 0 | H64: 0 | I64: 0 | J64: 0 | K64: 0 | Z64: pożyczki otrzymane | AA64: 1000000
A65: 2 | B65: Inne rozliczenia międzyokresowe | C65: 20923 | D65: =SUM(D66:D67) -> 21140 | E65: =SUM(E66:E67) -> 19820 | F65: =SUM(F66:F67) -> 22400 | G65: =SUM(G66:G67) -> 17640 | H65: =SUM(H66:H67) -> 18721 | I65: =SUM(I66:I67) -> 23570 | J65: =SUM(J66:J67) -> 90703 | K65: =SUM(K66:K67) -> 39940.24 | Z65: naliczone odsetki | AA65: 77402.74
B66: - długoterminowe | C66: 0 | D66: 0 | E66: 0 | F66: 0 | G66: 0 | H66: 0 | I66: 0 | J66: 0 | K66: 0 | Z66: spłaty pożyczek | AA66: -50000
B67: - krótkoterminowe | C67: 20923 | D67: 21140 | E67: 19820 | F67: 22400 | G67: 17640 | H67: 18721 | I67: 23570 | J67: 90703 | K67: 39940.24 | L67: 842-4 | W67: =K67-G67 -> 22300.24 | AA67: =SUM(AA64:AA66) -> 1027402.7
B68: PASYWA RAZEM | C68: 2687798.3 | D68: =D9+D21 -> 3998691.4 | E68: =E9+E21 -> 4053591.6 | F68: =F9+F21 -> 4023317.8 | G68: =G9+G21 -> 3516095.7 | H68: =H9+H21 -> 5565007 | I68: =I9+I21 -> 5442016.6 | J68: =J9+J21 -> 5399145.4 | K68: =K9+K21 -> 5213673.9 | L68: =I68-G68 -> 1925920.9 | AA68: =(AA67+AA62)-W51 -> 0
B70: Sprawdzenie | C70: =C68-Aktywa!C96 -> 0 | D70: =D68-Aktywa!D96 -> 140261.53 | E70: =E68-Aktywa!E96 -> -103 | F70: =F68-Aktywa!F96 -> 0 | G70: =G68-Aktywa!G96 -> 0 | H70: =H68-Aktywa!H96 -> 0 | I70: =I68-Aktywa!I96 -> 109039.81 | J70: =J68-Aktywa!J96 -> -1408.17 | K70: =K68-Aktywa!K96 -> 6.0166232e-05 | L70: =H70/2 -> 0 | N70: =SUM(N8:N68) -> 54900.25 | O70: =SUM(O8:O68) -> 2021386.5 | P70: =SUM(P8:P68) -> -23286.48 | T70: =SUM(T8:T68) -> 1898396.2 | W70: =SUM(W8:W69) -> 1697578.2
N71: =N70-Aktywa!M96 -> -140364.53 | O71: =O70-Aktywa!N96 -> -27524.66 | P71: =P70-Aktywa!O96 -> 99703.85 | T71: =T70-Aktywa!P96 -> -27524.66
W72: =W70-Aktywa!AG98 -> 6.0166465e-05

Sheet RZIS
A1: Meritoros S.A.
A2: ul. Krowoderska 63B/4
A3: 31-158 Kraków
A4: NIP: 6792963176
A6: Rachunek zysków i strat - wersja porównawcza
A7: Lp. | B7: Tytuł | R7: Mapowanie
C8: 01.01.2022-31.12.2022 | D8: 01.01.2023-31.03.2023 | E8: 01.04.2023-30.06.2023 | F8: 01.07.2023-30.09.2023 | G8: 01.10.2023-31.12.2023 | H8: 01.01.2023-30.06.2023 | I8: 01.01.2023-30.09.2023 | J8: 01.01.2023-31.12.2023 | K8: 01.01.2024-31.03.2024 | L8: 01.04.2024-30.06.2024 | M8: 01.07.2024-30.09.2024 | N8: 01.10.2024-31.12.2024 | O8: 01.01.2024-30.06.2024 | P8: 01.01.2024-30.09.2024 | Q8: 01.01.2024-31.12.2024
A9: A | B9: Przychody netto ze sprzedaży i zrównane z nimi, w tym: | C9: 10573796 | D9: =SUM(D11:D14) -> 4038987 | E9: 3474792.4 | F9: 10852555 | G9: 14508765 | H9: 7513779.4 | I9: =SUM(I11:I14) -> 10852555 | J9: =SUM(J11:J14) -> 14508765 | K9: 5324783.7 | L9: 4781743.2 | M9: =SUM(M11:M14) -> 4668458.5 | N9: =SUM(N11:N14) -> 4741299 | O9: 10106527 | P9: =P11 -> 14774985 | Q9: =Q11 -> 19516284
B10: - od jednostek powiązanych | D10: 10036.45 | E10: 31409 | F10: 72799.45 | G10: 310369.46 | H10: 41445.45 | I10: 72799.45 | J10: 310369.46 | K10: 9211 | L10: 63.8 | M10: 113787 | N10: 117961 | O10: 9274.8 | P10: 441001.8 | Q10: 558962.8
A11: I | B11: Przychody netto ze sprzedaży produktów | C11: 10573796 | D11: 4038987 | E11: 3474792.4 | F11: 10852555 | G11: 14508765 | H11: 7513779.4 | I11: 10852555 | J11: 14508765 | K11: 5324783.7 | L11: 4781743.2 | M11: 4668458.5 | N11: 4741299 | O11: 10106527 | P11: 14774985 | Q11: 19516284 | R11: 701-704 | S11: 762-5
A12: II | B12: Zmiana stanu produktów (zwiększenie - wartość dodatnia, zmniejszenie - wartość ujemna) | C12: 0 | D12: 0 | E12: 0 | F12: 0 | G12: 0 | H12: 0 | I12: 0 | J12: 0 | K12: 0 | L12: 0 | M12: 0 | N12: 0 | O12: 0 | P12: 0 | Q12: 0
A13: III | B13: Koszt wytworzenia produktów na własne potrzeby jednostki | C13: 0 | D13: 0 | E13: 0 | F13: 0 | G13: 0 | H13: 0 | I13: 0 | J13: 0 | K13: 0 | L13: 0 | M13: 0 | N13: 0 | O13: 0 | P13: 0 | Q13: 0
A14: IV | B14: Przychody netto ze sprzedaży towarów i materiałów | C14: 0 | D14: 0 | E14: 0 | F14: 0 | G14: 0 | H14: 0 | I14: 0 | J14: 0 | K14: 0 | L14: 0 | M14: 0 | N14: 0 | O14: 0 | P14: 0 | Q14: 0
A15: B | B15: Koszty działalności operacyjnej | C15: 10169656 | D15: =SUM(D16:D19,D21:D22,D24:D25) -> 3733860.6 | E15: =SUM(E16:E19,E21:E22,E24:E25) -> 3144117.5 | F15: =SUM(F16:F19,F21:F22,F24:F25) -> 10370294 | G15: =SUM(G16:G19,G21:G22,G24:G25) -> 14021710 | H15: =SUM(H16:H19,H21:H22,H24:H25) -> 6877978.1 | I15: =SUM(I16:I19,I21:I22,I24:I25) -> 10370294 | J15: =SUM(J16:J19,J21:J22,J24:J25) -> 14021710 | K15: =SUM(K16:K19,K21:K22,K24:K25) -> 5163620.3 | ... Q15: =SUM(Q16:Q19,Q21:Q22,Q24:Q25) -> 18875307
A16: I | B16: Amortyzacja | C16: 121171.73 | D16: 38341.42 | E16: 54835.59 | F16: 152063.81 | G16: 210629.37 | H16: 93177.01 | I16: 152063.81 | J16: 210629.37 | K16: 56847.84 | L16: 41279.06 | M16: 41703.65 | N16: 42368.03 | O16: 98126.9 | P16: 139781.32 | Q16: 183103.1 | R16: 400
A17: II | B17: Zużycie materiałów i energii | C17: 117093.16 | D17: 103783.61 | E17: 53546.68 | F17: 313499.06 | G17: 491112.99 | H17: 157330.29 | I17: 313499.06 | J17: 491112.99 | K17: 232827.89 | L17: 90837.98 | M17: 64949.78 | N17: 71943.98 | O17: 323665.87 | P17: 388615.65 | Q17: 460559.63 | R17: 401
A18: III | B18: Usługi obce | C18: 3912913.9 | D18: 1387189.8 | E18: 976145.81 | F18: 3443176.4 | G18: 4693992.8 | H18: 2363335.6 | I18: 3443176.4 | J18: 4693992.8 | K18: 1946788.8 | L18: 1594307.6 | M18: 1744193.7 | N18: 1453112.3 | O18: 3541189.3 | P18: 5287870.8 | Q18: 6740983.1 | R18: 402,
A19: IV | B19: Podatki i opłaty, w tym: | C19: 53614.05 | D19: 23318.97 | E19: 19803 | F19: 64740.97 | G19: 88136.97 | H19: 43121.97 | I19: 64740.97 | J19: 88136.97 | K19: 28040 | L19: 33597 | M19: 35685 | N19: 36576 | O19: 61637 | P19: 97322 | Q19: 134198 | R19: 403, 405-7
B20: - podatek akcyzowy | C20: 0 | D20: 0 | E20: 0 | F20: 0 | G20: 0 | H20: 0 | I20: 0 | J20: 0 | K20: 0 | L20: 0 | M20: 0 | N20: 0 | O20: 0 | P20: 0 | Q20: 0
A21: V | B21: Wynagrodzenia | C21: 5079869 | D21: 1868564.7 | E21: 1692776.9 | F21: 5394764.1 | G21: 7206641 | H21: 3561341.6 | I21: 5394764.1 | J21: 7206641 | K21: 2492331.9 | L21: 2433826.1 | M21: 2378121.2 | N21: 2334753.9 | O21: 4926158 | P21: 7298350.3 | Q21: 9638854.4 | R21: 404
A22: VI | B22: Ubezpieczenia społeczne i inne świadczenia, w tym: | C22: 853511.15 | D22: 297051.55 | E22: 336619.3 | F22: 958752.96 | G22: 1272778.2 | H22: 633670.85 | I22: 958752.96 | J22: 1272778.2 | K22: 393152.77 | L22: 415005.25 | M22: 423394.49 | N22: 443029.82 | O22: 808158.02 | P22: 1233121.4 | Q22: 1677744.8 | R22: 405 minus 405-7
B23: - emerytalne | C23: 388370.92 | D23: 0 | E23: 0 | F23: 0 | G23: 0 | H23: 0 | I23: 0 | J23: 0 | K23: 0 | L23: 360027.1 | M23: 369579.81 | N23: 383154.85 | O23: 699696.98 | P23: 1068234.6 | Q23: 1451389.4
A24: VII | B24: Pozostałe koszty rodzajowe | C24: 31483.28 | D24: 15610.45 | E24: 10390.27 | F24: 43296.71 | G24: 58418.64 | H24: 26000.72 | I24: 43296.71 | J24: 58418.64 | K24: 13631.07 | L24: 12619.68 | M24: 7854.87 | N24: 5757.96 | O24: 26250.75 | P24: 34105.62 | Q24: 39863.58 | R24: 406
A25: VIII | B25: Wartość sprzedanych towarów i materiałów | C25: 0 | D25: 0 | E25: 0 | F25: 0 | G25: 0 | H25: 0 | I25: 0 | J25: 0 | K25: 0 | L25: 0 | M25: 0 | N25: 0 | O25: 0 | P25: 0 | Q25: 0
A26: C | B26: Zysk (strata) ze sprzedaży (A-B) | C26: 404140 | D26: =D9-D15 -> 305126.44 | E26: 330674.88 | F26: 482261.05 | G26: 487054.88 | H26: 635801.32 | I26: =I9-I15 -> 482261.05 | J26: =J9-J15 -> 487054.88 | K26: 161163.36 | L26: 160270.55 | M26: =M9-M15 -> -27444.21 | N26: =N9-N15 -> 353757.09 | O26: =O9-O15 -> 321341.02 | P26: =P9-P15 -> 295818.21 | Q26: =Q9-Q15 -> 640977.71
A27: D | B27: Pozostałe przychody operacyjne | C27: 397800.13 | D27: =SUM(D28:D31) -> 69553.74 | E27: 86027.46 | F27: 427500.58 | G27: 417787.6 | H27: 155581.2 | I27: =SUM(I28:I31) -> 427500.58 | J27: =SUM(J28:J31) -> 417787.6 | K27: 128656.9 | L27: 154499.56 | M27: =SUM(M28:M31) -> 145165.94 | N27: =SUM(N28:N31) -> 237973.03 | O27: =SUM(O28:O31) -> 283156.46 | P27: =SUM(P28:P31) -> 428323.03 | Q27: =SUM(Q28:Q31) -> 735835.61
A28: I | B28: Zysk z tytułu rozchodu niefinansowych aktywów trwałych | C28: 43983.75 | D28: =0 -> 0 | E28: 0 | F28: 3741.7 | G28: 8324.19 | H28: 0 | I28: 3741.7 | J28: 8324.19 | K28: 0 | L28: 0 | M28: 0 | N28: 2703.24 | O28: 0 | P28: 0 | Q28: 2703.24 | R28: 762-1 minus 761-1
A29: II | B29: Dotacje | C29: 46709.92 | D29: 0 | E29: 0 | F29: 0 | G29: 0 | H29: 0 | I29: 0 | J29: 0 | K29: 0 | L29: 0 | M29: 59264 | N29: 62208 | O29: 0 | P29: 59264 | Q29: 121472 | R29: 762-2
A30: III | B30: Aktualizacja wartości aktywów niefinansowych | C30: 0 | D30: 45737.22 | E30: 53644.13 | F30: 166713.36 | G30: 269129.62 | H30: 99381.35 | I30: 166713.36 | J30: 269129.62 | K30: 104997.73 | L30: 113529.28 | M30: 62443.62 | N30: 126387.52 | O30: 218527.01 | P30: 280970.63 | Q30: 451126.27 | R30: 762-8, 762-9
A31: IV | B31: Inne przychody operacyjne | C31: 307106.46 | D31: 23816.52 | E31: 32383.33 | F31: 257045.52 | G31: 140333.79 | H31: 56199.85 | I31: 257045.52 | J31: 140333.79 | K31: 23659.17 | L31: 40970.28 | M31: 23458.32 | N31: 46674.27 | O31: 64629.45 | P31: 88088.4 | Q31: 160534.1 | R31: 762 minus 762-8, 762-9
A32: E | B32: Pozostałe koszty operacyjne | C32: 333383.33 | D32: =SUM(D33:D35) -> 76159.23 | E32: 129367.92 | F32: 342130.78 | G32: 424863.97 | H32: 205527.15 | I32: =SUM(I33:I35) -> 342130.78 | J32: =SUM(J33:J35) -> 424863.97 | K32: 226357.44 | L32: 325357.68 | M32: =SUM(M33:M35) -> 195618.54 | N32: =SUM(N33:N35) -> 216439.67 | O32: =SUM(O33:O35) -> 551715.12 | P32: =SUM(P33:P35) -> 747683.65 | Q32: =SUM(Q33:Q35) -> 964123.32
A33: I | B33: Strata z tyłułu rozchodu niefinansowych aktywów trwałych | C33: 0 | D33: 0 | E33: 0 | F33: 0 | G33: 0 | H33: 0 | I33: 0 | J33: 0 | K33: 0 | L33: 0 | M33: 0 | N33: 0 | O33: 0 | P33: 0 | Q33: 0 | R33: 761-1
A34: II | B34: Aktualizacja wartości aktywów niefinansowych | C34: 243764.33 | D34: 54094.48 | E34: 99655.16 | F34: 260893.24 | G34: 318438.72 | H34: 153749.64 | I34: 260893.24 | J34: 318438.72 | K34: 173584.2 | L34: 233662.5 | M34: 96947.47 | N34: 100826.55 | O34: 407246.7 | P34: 504194.17 | Q34: 605020.72 | R34: 761-5, 761-8
A35: III | B35: Inne koszty operacyjne | C35: 89619 | D35: 22064.75 | E35: 29712.76 | F35: 81237.54 | G35: 106425.25 | H35: 51777.51 | I35: 81237.54 | J35: 106425.25 | K35: 52773.24 | L35: 91695.18 | M35: 98671.07 | N35: 115613.12 | O35: 144468.42 | P35: 243489.48 | Q35: 359102.6 | R35: 761 minus 761-1, 761-5, 761-8
A36: F | B36: Zysk (strata) z działalności operacyjnej (C+D-E) | C36: 468556.8 | D36: =D26+D27-D32 -> 298520.95 | E36: 287334.42 | F36: 567630.85 | G36: 479978.51 | H36: 585855.37 | I36: =I26+I27-I32 -> 567630.85 | J36: =J26+J27-J32 -> 479978.51 | K36: 63462.82 | L36: -10587.57 | M36: =M26+M27-M32 -> -77896.81 | N36: =N26+N27-N32 -> 375290.45 | O36: =O26+O27-O32 -> 52782.36 | P36: =P26+P27-P32 -> -23542.41 | Q36: =Q26+Q27-Q32 -> 412690
A37: G | B37: Przychody finansowe | C37: 99472.74 | D37: =SUM(D38,D43,D45,D47:D47) -> 31337.83 | E37: 27698.1 | F37: 62898.71 | G37: 64748.88 | H37: 59035.93 | I37: =SUM(I38,I43,I45,I47:I47) -> 62898.71 | J37: =SUM(J38,J43,J45,J47:J48) -> 64748.88 | K37: 2761.87 | L37: 24883.92 | M37: =SUM(M38,M43,M45,M47:M48) -> 90094.02 | N37: =SUM(N38,N43,N45,N47:N48) -> 8657.83 | O37: 7902.59 | P37: =P38+P43+P45 -> 97996.61 | Q37: =Q38+Q43+Q45 -> 106654.44
A38: I | B38: Dywidendy i udziały w zyskach, w tym: | C38: 16261.65 | D38: 0 | E38: 0 | F38: 0 | G38: 0 | H38: 0 | I38: 0 | J38: =J39+J41 -> 0 | K38: 0 | L38: 0 | M38: =M39+M41 -> 85857.01 | N38: =N39+N41 -> 0 | O38: 0 | P38: 85857.01 | Q38: 85857.01
A39: a | B39: od jednostek powiązanych, w tym: | C39: 0 | D39: 0 | E39: 0 | F39: 0 | G39: 0 | H39: 0 | I39: 0 | J39: 0 | K39: 0 | L39: 0 | M39: 85857.01 | N39: 0 | O39: 0 | P39: 85857.01 | Q39: 85857.01
B40: - w których jednostka posiada zaangażowanie w kapitale | C40: 0 | D40: 0 | E40: 0 | F40: 0 | G40: 0 | H40: 0 | I40: 0 | J40: 0 | K40: 0 | L40: 0 | M40: 85857.01 | N40: 0 | O40: 0 | P40: 85857.01 | Q40: 85857.01
A41: b | B41: od jednostek pozostałych, w tym: | C41: 16261.65 | D41: 0 | E41: 0 | F41: 0 | G41: 0 | H41: 0 | I41: 0 | J41: 0 | K41: 0 | L41: 0 | M41: 0 | N41: 0 | O41: 0 | P41: 0 | Q41: 0 | R41: 752-1
B42: - w których jednostka posiada zaangażowanie w kapitale | C42: 0 | D42: 0 | E42: 0 | F42: 0 | G42: 0 | H42: 0 | I42: 0 | J42: 0 | K42: 0 | L42: 0 | M42: 0 | N42: 0 | O42: 0 | P42: 0 | Q42: 0
A43: II | B43: Odsetki, w tym: | C43: 21357.41 | D43: 1313.02 | E43: 2372.46 | F43: 7548.26 | G43: 9398.43 | H43: 3685.48 | I43: 7548.26 | J43: 9398.43 | K43: 2761.87 | L43: 5140.72 | M43: 4237.01 | N43: 8657.83 | O43: 7902.59 | P43: 12139.6 | Q43: 20797.43 | R43: 752-2
B44: - od jednostek powiązanych | C44: 0 | D44: 0 | E44: 0 | F44: 0 | G44: 0 | H44: 0 | I44: 0 | J44: 0 | K44: 0 | L44: 0 | M44: 0 | N44: 0 | O44: 0 | P44: 0 | Q44: 5408.55
A45: III | B45: Zysk z tytułu rozchodu aktywów finansowych, w tym: | C45: 10333.79 | D45: 0 | E45: 0 | F45: 0 | G45: 55350.45 | H45: 0 | I45: 0 | J45: 55350.45 | K45: 0 | L45: 0 | M45: 0 | N45: 0 | O45: 0 | P45: 0 | Q45: 0
B46: - w jednostkach powiązanych | C46: 0 | D46: 0 | E46: 0 | F46: 0 | G46: 0 | H46: 0 | I46: 0 | J46: 0 | K46: 0 | L46: 0 | M46: 0 | N46: 0 | O46: 0 | P46: 0 | Q46: 0
A47: IV | B47: Aktualizacja wartości aktywów finansowych | C47: 51519.89 | D47: 30024.81 | E47: 25325.64 | F47: 55350.45 | G47: 0 | H47: 55350.45 | I47: 55350.45 | J47: 0 | K47: 0 | L47: 19743.2 | M47: 0 | N47: 0 | O47: 0 | P47: 0 | Q47: 0
A48: V | B48: Inne | C48: 0 | D48: 0 | E48: 0 | F48: 0 | G48: 0 | H48: 0 | I48: 0 | J48: 0 | K48: 0 | L48: 0 | M48: 0 | N48: 0 | O48: 0 | P48: 0 | Q48: 0 | R48: 752-5; 752-7 i 751-6
A49: H | B49: Koszty finansowe | C49: 1087 | D49: =SUM(D50,D52,D54:D55) -> 9430.53 | E49: 9663.22 | F49: 118920.49 | G49: 92766.56 | H49: 19093.75 | I49: =SUM(I50,I52,I54:I55) -> 118920.49 | J49: =SUM(J50,J52,J54:J55) -> 92766.56 | K49: 77293.66 | L49: 33064.18 | M49: =SUM(M50,M52,M54:M55) -> 37307.74 | N49: =SUM(N50,N52,N54:N55) -> 67453.35 | O49: 90614.64 | P49: =P50+P54+P55 -> 127922.38 | Q49: =Q50+Q54+Q55 -> 195375.73
A50: I | B50: Odsetki, w tym: | C50: 1087 | D50: 9430.53 | E50: 9649.63 | F50: 28620.27 | G50: 41243.09 | H50: 19080.16 | I50: 28620.27 | J50: 41243.09 | K50: 23491.05 | L50: 29422.46 | M50: 33742.59 | N50: 39859.56 | O50: 52913.51 | P50: 86656.1 | Q50: 126515.66 | R50: 751-1
B51: - dla jednostek powiązanych | C51: 0 | D51: 8438.36 | E51: 0 | F51: 27741.1 | G51: 0 | H51: 0 | I51: 27741.1 | J51: 0 | K51: 0 | L51: 325.97 | M51: 297.2 | N51: 268.1 | O51: 696.31 | P51: 993.51 | Q51: 0
A52: II | B52: Strata z tytułu rozchodu aktywów finansowych, w tym: | C52: 0 | D52: 0 | E52: 0 | F52: 0 | G52: 0 | H52: 0 | I52: 0 | J52: 0 | K52: 0 | L52: 0 | M52: 0 | N52: 0 | O52: 0 | P52: 0 | Q52: 0
B53: - w jednostkach powiązanych | C53: 0 | D53: 0 | E53: 0 | F53: 0 | G53: 0 | H53: 0 | I53: 0 | J53: 0 | K53: 0 | L53: 0 | M53: 0 | N53: 0 | O53: 0 | P53: 0 | Q53: 0
A54: III | B54: Aktualizacja wartości aktywów finansowych | C54: 0 | D54: 0 | E54: 0 | F54: 90222.93 | G54: 51403.53 | H54: 0 | I54: 90222.93 | J54: 51403.53 | K54: 53760.2 | L54: 0 | M54: 2934.8 | N54: 27347 | O54: 34017 | P54: 36951.8 | Q54: 64298.8 | R54: 751-3
A55: IV | B55: Inne | C55: 0 | D55: 0 | E55: 13.59 | F55: 77.29 | G55: 119.94 | H55: 13.59 | I55: 77.29 | J55: 119.94 | K55: 42.41 | L55: 3641.72 | M55: 630.35 | N55: 246.79 | O55: 3684.13 | P55: 4314.48 | Q55: 4561.27 | R55: 751-6
A56: I | B56: Zysk (strata) brutto (F+G-H) | C56: 566942.54 | D56: =D36+D37-D49 -> 320428.25 | E56: 305369.3 | F56: 511609.07 | G56: 451960.83 | H56: 625797.55 | I56: =I36+I37-I49 -> 511609.07 | J56: =J36+J37-J49 -> 451960.83 | K56: -11068.97 | L56: -18767.83 | M56: =M36+M37-M49 -> -25110.53 | N56: =N36+N37-N49 -> 316494.93 | O56: =O36+O37-O49 -> -29929.69 | P56: =P36+P37-P49 -> -53468.18 | Q56: =Q36+Q37-Q49 -> 323968.71
A57: J | B57: Podatek dochodowy | C57: 44244.31 | D57: =D58+D59 -> 17130 | E57: 17130 | F57: 51390 | G57: 8298.05 | H57: 34260 | I57: =I58+I59 -> 51390 | J57: =J58+J59 -> 8298.05 | K57: 14151 | L57: 14151 | M57: =M58+M59 -> 14151 | N57: =N58+N59 -> 14151 | O57: =O58+O59 -> 28302 | P57: =P58+P59 -> 42453 | Q57: =Q58+Q59 -> -74112.41 | S57: ma870
A58: I | B58: Bieżący | C58: 53535 | D58: 17130 | E58: 17130 | F58: 51390 | G58: 40123 | H58: 34260 | I58: 51390 | J58: 40123 | K58: 14151 | L58: 14151 | M58: 14151 | N58: 14151 | O58: 28302 | P58: 42453 | Q58: 0 | R58: 870-1,870-3 | S58: podatek w CIT bez żadnych ulg itd.
A59: II | B59: Odroczony | C59: -9290.69 | D59: 0 | E59: 0 | F59: 0 | G59: -31824.95 | H59: 0 | I59: 0 | J59: -31824.95 | K59: 0 | L59: 0 | M59: 0 | N59: 0 | O59: 0 | P59: 0 | Q59: =-'Podatek odroczony'!J41 -> -74112.41 | R59: 870-2
A60: K | B60: Pozostałe obowiązkowe zmniejszenie zysku (zwiększenia straty) | C60: 0 | D60: 0 | E60: 0 | F60: 0 | G60: 0 | H60: 0 | I60: 0 | J60: 0 | K60: 0 | L60: 0 | M60: 0 | N60: 0 | O60: 0 | P60: 0 | Q60: 0
A61: L | B61: Zysk (strata) netto (I-J-K) | C61: 522698.23 | D61: =D56-D57-D60 -> 303298.25 | E61: 288239.3 | F61: 460219.07 | G61: 443662.78 | H61: 591537.55 | I61: =I56-I57-I60 -> 460219.07 | J61: =J56-J57-J60 -> 443662.78 | K61: -25219.97 | L61: -32918.83 | M61: =M56-M57-M60 -> -39261.53 | N61: =N56-N57-N60 -> 302343.93 | O61: =O56-O57-O60 -> -58231.69 | P61: =P56-P57-P60 -> -95921.18 | Q61: =Q56-Q57-Q60 -> 398081.12
C64: =C57/C56 -> 0.078040201 | M64: 13.02.2025 ok | N64: 13.02.2025 ok | P64: 13.02.2025 ok

Sheet ZZwKW
A1: Zestawienie zmian w kapitale (funduszu) własnym
A2: Lp. | B2: Tytuł | C2: 01.01.2023-31.03.2023 | D2: 01.04.2023-30.06.2023 | E2: 01.07.2023-30.09.2023 | F2: 01.10.2023-31.12.2023 | G2: 01.01.2023-30.06.2023 | H2: 01.01.2023-30.09.2023 | I2: 01.01.2023-31.12.2023 | J2: 01.01.2024-31.03.2024 | K2: 01.04.2024-30.06.2024 | L2: 01.07.2024-30.09.2024 | M2: 01.10.2024-31.12.2024 | N2: 01.01.2024-30.06.2024 | O2: 01.01.2024-30.09.2024 | P2: 01.01.2024-31.12.2024
A3: I. | B3: Kapitał (fundusz) własny na początek okresu (BO) | C3: =C7+C16+C29+C37+C44 -> 1040229.4 | D3: =D7+D16+D29+D37+D44 -> 1040229.4 | E3: =E7+E16+E29+E37+E44 -> 1040229.4 | F3: =F7+F16+F29+F37+F44 -> 1040229.4 | G3: =G7+G16+G29+G37+G44 -> 1040229.4 | H3: =H7+H16+H29+H37+H44 -> 1040229.4 | I3: =I7+I16+I29+I37+I44 -> 1040229.4 | J3: =J7+J16+J29+J37+J44 -> 1195892.2 | ... P3: =P7+P16+P29+P37+P44 -> 1195892.2
B4: - zmiany przyjętych zasad (polityki) rachunkowości | C4: =C46+C57 -> 0 | D4: =D46+D57 -> 0 | E4: =E46+E57 -> 0 | F4: =F46+F57 -> 0 | G4: =G46+G57 -> 0 | H4: =H46+H57 -> 0 | I4: =I46+I57 -> 0 | J4: =J46+J57 -> 0 | ... P4: =P46+P57 -> 0
B5: - korekty błędów | C5: =C47+C58 -> 0 | D5: =D47+D58 -> 0 | E5: =E47+E58 -> 0 | F5: =F47+F58 -> 0 | G5: =G47+G58 -> 0 | H5: =H47+H58 -> 0 | I5: =I47+I58 -> 0 | J5: =J47+J58 -> 0 | ... P5: =P47+P58 -> 0
A6: I.a. | B6: Kapitał (fundusz) własny na początek okresu (BO), po korektach | C6: =C7+C16+C29+C37+C48+C59 -> 1040229.4 | D6: =D7+D16+D29+D37+D48+D59 -> 1040229.4 | E6: =E7+E16+E29+E37+E48+E59 -> 1040229.4 | F6: =F7+F16+F29+F37+F48+F59 -> 1040229.4 | G6: =G7+G16+G29+G37+G48+G59 -> 1040229.4 | H6: =H7+H16+H29+H37+H48+H59 -> 1040229.4 | I6: =I7+I16+I29+I37+I48+I59 -> 1040229.4 | J6: =J7+J16+J29+J37+J48+J59 -> 1195892.2 | ... P6: =P7+P16+P29+P37+P48+P59 -> 1195892.2
A7: 1 | B7: Kapitał (fundusz) podstawowy na początek okresu | C7: 120000 | D7: 120000 | E7: 120000 | F7: 120000 | G7: 120000 | H7: 120000 | I7: 120000 | J7: 120000 | K7: 120000 | L7: 120000 | M7: 120000 | N7: 120000 | O7: 120000 | P7: 120000
A8: 1.1. | B8: Zmiany kapitału (funduszu) podstawowego | C8: =C9-C12 -> 0 | D8: =D9-D12 -> 0 | E8: =E9-E12 -> 0 | F8: =F9-F12 -> 0 | G8: =G9-G12 -> 0 | H8: =H9-H12 -> 0 | I8: =I9-I12 -> 0 | J8: =J9-J12 -> 0 | ... P8: =P9-P12 -> 0
A9: a | B9: zwiększenie (z tytułu) | C9: =SUM(C10:C11) -> 0 | D9: =SUM(D10:D11) -> 0 | E9: =SUM(E10:E11) -> 0 | F9: =SUM(F10:F11) -> 0 | G9: =SUM(G10:G11) -> 0 | H9: =SUM(H10:H11) -> 0 | I9: =SUM(I10:I11) -> 0 | J9: =SUM(J10:J11) -> 0 | ... P9: =SUM(P10:P11) -> 0
B10: - wydania udziałów (emisji akcji) | C10: 0 | D10: 0 | E10: 0 | F10: 0 | G10: 0 | H10: 0 | I10: 0 | J10: 0 | K10: 0 | L10: 0 | M10: 0 | N10: 0 | O10: 0 | P10: 0
B11: - podniesienie z kapitału zapasowego | C11: 0 | D11: 0 | E11: 0 | F11: 0 | G11: 0 | H11: 0 | I11: 0 | J11: 0 | K11: 0 | L11: 0 | M11: 0 | N11: 0 | O11: 0 | P11: =Pasywa!G10-Pasywa!C10 -> 0
A12: b | B12: zmniejszenie (z tytułu) | C12: =SUM(C13:C14) -> 0 | D12: =SUM(D13:D14) -> 0 | E12: =SUM(E13:E14) -> 0 | F12: =SUM(F13:F14) -> 0 | G12: =SUM(G13:G14) -> 0 | H12: =SUM(H13:H14) -> 0 | I12: =SUM(I13:I14) -> 0 | J12: =SUM(J13:J14) -> 0 | ... P12: =SUM(P13:P14) -> 0
B13: - umorzenie udziałów (akcji) | C13: 0 | D13: 0 | E13: 0 | F13: 0 | G13: 0 | H13: 0 | I13: 0 | J13: 0 | K13: 0 | L13: 0 | M13: 0 | N13: 0 | O13: 0 | P13: 0
B14: - ...... | C14: 0 | D14: 0 | E14: 0 | F14: 0 | G14: 0 | H14: 0 | I14: 0 | J14: 0 | K14: 0 | L14: 0 | M14: 0 | N14: 0 | O14: 0 | P14: 0
A15: 1.2. | B15: Kapitał (fundusz) podstawowy na koniec okresu | C15: =SUM(C7:C8) -> 120000 | D15: =SUM(D7:D8) -> 120000 | E15: =SUM(E7:E8) -> 120000 | F15: =SUM(F7:F8) -> 120000 | G15: =SUM(G7:G8) -> 120000 | H15: =SUM(H7:H8) -> 120000 | I15: =SUM(I7:I8) -> 120000 | J15: =SUM(J7:J8) -> 120000 | ... P15: =SUM(P7:P8) -> 120000
A16: 2 | B16: Kapitał (fundusz) zapasowy na początek okresu | C16: 397531.17 | D16: 397531.17 | E16: 397531.17 | F16: 632229.4 | G16: 397531.17 | H16: 397531.17 | I16: 397531.17 | J16: 632229.4 | K16: 632229.4 | L16: 632229.4 | M16: 632229.4 | N16: 632229.4 | O16: 632229.4 | P16: 1075892.2
A17: 2.1. | B17: Zmiany kapitału (funduszu) zapasowego | C17: =(C18-C23) -> 0 | D17: =(D18-D23) -> 0 | E17: =(E18-E23) -> 234698.23 | F17: =(F18-F23) -> 0 | G17: =(G18-G23) -> 0 | H17: =(H18-H23) -> 234698.23 | I17: =(I18-I23) -> 234698.23 | J17: =(J18-J23) -> 0 | ... P17: =(P18-P23) -> 0
A18: a | B18: zwiększenie (z tytułu) | C18: =SUM(C19:C22) -> 0 | D18: =SUM(D19:D22) -> 0 | E18: =SUM(E19:E22) -> 234698.23 | F18: =SUM(F19:F22) -> 0 | G18: =SUM(G19:G22) -> 0 | H18: =SUM(H19:H22) -> 234698.23 | I18: =SUM(I19:I22) -> 234698.23 | J18: =SUM(J19:J22) -> 0 | ... P18: =SUM(P19:P22) -> 0
B19: - emisji akcji powyżej wartości nominalnej | C19: 0 | D19: 0 | E19: 0 | F19: 0 | G19: 0 | H19: 0 | I19: 0 | J19: 0 | K19: 0 | L19: 0 | M19: 0 | N19: 0 | O19: 0 | P19: 0
B20: - podziału zysku (ustawowo) | C20: 0 | D20: 0 | E20: 0 | F20: 0 | G20: 0 | H20: 0 | I20: 0 | J20: 0 | K20: 0 | L20: 0 | M20: 0 | N20: 0 | O20: 0 | P20: 0
B21: - podziału zysku (ponad wymaganą ustawowo minimalną wartość) | C21: 0 | D21: 0 | E21: 0 | F21: 0 | G21: 0 | H21: 0 | I21: 0 | J21: 0 | K21: 0 | L21: 0 | M21: 0 | N21: 0 | O21: 0 | P21: 0
B22: - podział zysku zgodnie z uchwałą zgromadzenia wspólników | C22: 0 | D22: 0 | E22: 234698.23 | F22: 0 | G22: 0 | H22: 234698.23 | I22: 234698.23 | J22: 0 | K22: 0 | L22: 0 | M22: 0 | N22: 0 | O22: 0 | P22: 0
A23: b | B23: zmniejszenie (z tytułu) | C23: =SUM(C24:C27) -> 0 | D23: =SUM(D24:D27) -> 0 | E23: =SUM(E24:E27) -> 0 | F23: =SUM(F24:F27) -> 0 | G23: =SUM(G24:G27) -> 0 | H23: =SUM(H24:H27) -> 0 | I23: =SUM(I24:I27) -> 0 | J23: =SUM(J24:J27) -> 0 | ... P23: =SUM(P24:P27) -> 0
B24: - pokrycia straty | C24: 0 | D24: 0 | E24: 0 | F24: 0 | G24: 0 | H24: 0 | I24: 0 | J24: 0 | K24: 0 | L24: 0 | M24: 0 | N24: 0 | O24: 0 | P24: 0
B25: - wypłaty dywidendy | C25: 0 | D25: 0 | E25: 0 | F25: 0 | G25: 0 | H25: 0 | I25: 0 | J25: 0 | K25: 0 | L25: 0 | M25: 0 | N25: 0 | O25: 0 | P25: 0
B26: - podniesienie kapitału zakładowego | C26: 0 | D26: 0 | E26: 0 | F26: 0 | G26: 0 | H26: 0 | I26: 0 | J26: 0 | K26: 0 | L26: 0 | M26: 0 | N26: 0 | O26: 0 | P26: 0
B27: - zryczałtowany podatek dochodowy od podniesienia kapitału zakładowego | C27: 0 | D27: 0 | E27: 0 | F27: 0 | G27: 0 | H27: 0 | I27: 0 | J27: 0 | K27: 0 | L27: 0 | M27: 0 | N27: 0 | O27: 0 | P27: 0
A28: 2.2. | B28: Stan kapitału (funduszu) zapasowego na koniec okresu | C28: =SUM(C16:C17) -> 397531.17 | D28: =SUM(D16:D17) -> 397531.17 | E28: =SUM(E16:E17) -> 632229.4 | F28: =SUM(F16:F17) -> 632229.4 | G28: =SUM(G16:G17) -> 397531.17 | H28: =SUM(H16:H17) -> 632229.4 | I28: =SUM(I16:I17) -> 632229.4 | J28: =SUM(J16:J17) -> 632229.4 | ... P28: =SUM(P16:P17) -> 1075892.2
A29: 3 | B29: Kapitał (fundusz) z aktualizacji wyceny na początek okresu - zmiany przyjętych zasad (polityki) rachunkowości | C29: =D36 -> 0 | D29: =E36 -> 0 | E29: =F36 -> 0 | F29: =G36 -> 0 | G29: =H36 -> 0 | H29: =I36 -> 0 | I29: =J36 -> 0 | J29: =K36 -> 0 | ... M29: =N36 -> 0 | N29: =P36 -> 0 | O29: =P36 -> 0 | P29: 0
A30: 3.1. | B30: Zmiany kapitału (funduszu) z aktualizacji wyceny | C30: =C31-C33 -> 0 | D30: =D31-D33 -> 0 | E30: =E31-E33 -> 0 | F30: =F31-F33 -> 0 | G30: =G31-G33 -> 0 | H30: =H31-H33 -> 0 | I30: =I31-I33 -> 0 | J30: =J31-J33 -> 0 | ... P30: =P31-P33 -> 0
A31: a | B31: zwiększenie (z tytułu) | C31: =SUM(C32:C32) -> 0 | D31: =SUM(D32:D32) -> 0 | E31: =SUM(E32:E32) -> 0 | F31: =SUM(F32:F32) -> 0 | G31: =SUM(G32:G32) -> 0 | H31: =SUM(H32:H32) -> 0 | I31: =SUM(I32:I32) -> 0 | J31: =SUM(J32:J32) -> 0 | ... P31: =SUM(P32:P32) -> 0
B32: - ....... | C32: 0 | D32: 0 | E32: 0 | F32: 0 | G32: 0 | H32: 0 | I32: 0 | J32: 0 | K32: 0 | L32: 0 | M32: 0 | N32: 0 | O32: 0 | P32: 0
A33: b | B33: zmniejszenie (z tytułu) | C33: =SUM(C34:C35) -> 0 | D33: =SUM(D34:D35) -> 0 | E33: =SUM(E34:E35) -> 0 | F33: =SUM(F34:F35) -> 0 | G33: =SUM(G34:G35) -> 0 | H33: =SUM(H34:H35) -> 0 | I33: =SUM(I34:I35) -> 0 | J33: =SUM(J34:J35) -> 0 | ... P33: =SUM(P34:P35) -> 0
B34: - zbycia środków trwałych | C34: 0 | D34: 0 | E34: 0 | F34: 0 | G34: 0 | H34: 0 | I34: 0 | J34: 0 | K34: 0 | L34: 0 | M34: 0 | N34: 0 | O34: 0 | P34: 0
B35: - ........ | C35: 0 | D35: 0 | E35: 0 | F35: 0 | G35: 0 | H35: 0 | I35: 0 | J35: 0 | K35: 0 | L35: 0 | M35: 0 | N35: 0 | O35: 0 | P35: 0
A36: 3.2. | B36: Kapitał (fundusz) z aktualizacji wyceny na koniec okresu | C36: 0 | D36: 0 | E36: 0 | F36: 0 | G36: 0 | H36: 0 | I36: 0 | J36: 0 | K36: 0 | L36: 0 | M36: 0 | N36: 0 | O36: 0 | P36: 0
A37: 4 | B37: Pozostałe kapitały (fundusze) rezerwowe na początek okresu | C37: =D43 -> 0 | D37: =E43 -> 0 | E37: =F43 -> 0 | F37: =G43 -> 0 | G37: =H43 -> 0 | H37: =I43 -> 0 | I37: =J43 -> 0 | J37: =K43 -> 0 | K37: =L43 -> 0 | L37: 0 | M37: 0 | N37: 0 | O37: 0 | P37: 0
A38: 4.1. | B38: Zmiany pozostałych kapitałów (funduszy) rezerwowych | C38: =C39-C41 -> 0 | D38: =D39-D41 -> 0 | E38: =E39-E41 -> 0 | F38: =F39-F41 -> 0 | G38: =G39-G41 -> 0 | H38: =H39-H41 -> 0 | I38: =I39-I41 -> 0 | J38: =J39-J41 -> 0 | ... P38: =P39-P41 -> 0
A39: a | B39: zwiększenie (z tytułu) | C39: =SUM(C40:C40) -> 0 | D39: =SUM(D40:D40) -> 0 | E39: =SUM(E40:E40) -> 0 | F39: =SUM(F40:F40) -> 0 | G39: =SUM(G40:G40) -> 0 | H39: =SUM(H40:H40) -> 0 | I39: =SUM(I40:I40) -> 0 | J39: =SUM(J40:J40) -> 0 | ... P39: =SUM(P40:P40) -> 0
B40: - ........ | C40: 0 | D40: 0 | E40: 0 | F40: 0 | G40: 0 | H40: 0 | I40: 0 | J40: 0 | K40: 0 | L40: 0 | M40: 0 | N40: 0 | O40: 0 | P40: 0
A41: b | B41: zmniejszenie (z tytułu) | C41: =SUM(C42:C42) -> 0 | D41: =SUM(D42:D42) -> 0 | E41: =SUM(E42:E42) -> 0 | F41: =SUM(F42:F42) -> 0 | G41: =SUM(G42:G42) -> 0 | H41: =SUM(H42:H42) -> 0 | I41: =SUM(I42:I42) -> 0 | J41: =SUM(J42:J42) -> 0 | ... P41: =SUM(P42:P42) -> 0
B42: - ....... | C42: 0 | D42: 0 | E42: 0 | F42: 0 | G42: 0 | H42: 0 | I42: 0 | J42: 0 | K42: 0 | L42: 0 | M42: 0 | N42: 0 | O42: 0 | P42: 0
A43: 4.2. | B43: Pozostałe kapitały (fundusze) rezerwowe na koniec okresu | C43: =C37+C38 -> 0 | D43: =D37+D38 -> 0 | E43: =E37+E38 -> 0 | F43: =F37+F38 -> 0 | G43: =G37+G38 -> 0 | H43: =H37+H38 -> 0 | I43: =I37+I38 -> 0 | J43: =J37+J38 -> 0 | ... P43: =P37+P38 -> 0
A44: 5 | B44: Zysk (strata) z lat ubiegłych na początek okresu | C44: 522698.23 | D44: 522698.23 | E44: 522698.23 | F44: 288000 | G44: 522698.23 | H44: 522698.23 | I44: 522698.23 | J44: =J45+J48 -> 443662.78 | K44: =K45+K48 -> 0 | L44: =L45+L48 -> 0 | M44: =M45+M48 -> 0 | N44: =N45+N48 -> 0 | O44: =O45+O48 -> 0 | P44: =P45+P48 -> 0
A45: 5.1. | B45: Zysk z lat ubiegłych na początek okresu | C45: 0 | D45: 0 | E45: 0 | F45: 0 | G45: 0 | H45: 0 | I45: 0 | J45: 0 | K45: 0 | L45: 0 | M45: 0 | N45: 0 | O45: 0 | P45: 0
B46: - zmiany przyjętych zasad (polityki) rachunkowości | C46: 0 | D46: 0 | E46: 0 | F46: 0 | G46: 0 | H46: 0 | I46: 0 | J46: 0 | K46: 0 | L46: 0 | M46: 0 | N46: 0 | O46: 0 | P46: 0
B47: - korekty błędów | C47: 0 | D47: 0 | E47: 0 | F47: 0 | G47: 0 | H47: 0 | I47: 0 | J47: 0 | K47: 0 | L47: 0 | M47: 0 | N47: 0 | O47: 0 | P47: 0
A48: 5.2. | B48: Zysk z lat ubiegłych na początek okresu, po korektach | C48: 522698.23 | D48: 522698.23 | E48: 522698.23 | F48: 288000 | G48: 522698.23 | H48: 522698.23 | I48: 522698.23 | J48: 443662.78 | K48: =L67 -> 0 | L48: 0 | M48: 0 | N48: 0 | O48: 0 | P48: 0
A49: a | B49: zwiększenie (z tytułu) | C49: =SUM(C50:C51) -> 0 | D49: =SUM(D50:D51) -> 0 | E49: =SUM(E50:E51) -> 0 | F49: =SUM(F50:F51) -> 0 | G49: =SUM(G50:G51) -> 0 | H49: =SUM(H50:H51) -> 0 | I49: =SUM(I50:I51) -> 0 | J49: =SUM(J50:J51) -> 0 | ... P49: =SUM(P50:P51) -> 0
B50: - podziału zysku z lat ubiegłych | C50: 0 | D50: 0 | E50: 0 | F50: 0 | G50: 0 | H50: 0 | I50: 0 | J50: 0 | K50: 0 | L50: 0 | M50: 0 | N50: 0 | O50: 0 | P50: 0
B51: - ....... | C51: 0 | D51: 0 | E51: 0 | F51: 0 | G51: 0 | H51: 0 | I51: 0 | J51: 0 | K51: 0 | L51: 0 | M51: 0 | N51: 0 | O51: 0 | P51: 0
A52: b | B52: zmniejszenie (z tytułu) | C52: =C53+C54 -> 0 | D52: =D53+D54 -> 0 | E52: =E53+E54 -> 234698.23 | F52: =F53+F54 -> 288000 | G52: =G53+G54 -> 0 | H52: =H53+H54 -> 234698.23 | I52: =I53+I54 -> 522698.23 | J52: =J53+J54 -> 0 | ... P52: =P53+P54 -> 0
B53: - zwiększenie kapitału zapasowego | C53: 0 | D53: 0 | E53: 234698.23 | F53: 0 | G53: 0 | H53: 234698.23 | I53: 234698.23 | J53: 0 | K53: 0 | L53: 0 | M53: 0 | N53: 0 | O53: 0 | P53: 0
B54: - wypłata dywidendy | C54: 0 | D54: 0 | E54: 0 | F54: 288000 | G54: 0 | H54: 0 | I54: 288000 | J54: 0 | K54: 0 | L54: 0 | M54: 0 | N54: 0 | O54: 0 | P54: 0
A55: 5.3. | B55: Zysk z lat ubiegłych na koniec okresu | C55: =C48+C49-C52 -> 522698.23 | D55: =D48+D49-D52 -> 522698.23 | E55: =E48+E49-E52 -> 288000 | F55: =F48+F49-F52 -> 0 | G55: =G48+G49-G52 -> 522698.23 | H55: =H48+H49-H52 -> 288000 | I55: =I48+I49-I52 -> 0 | J55: 443662.78 | K55: =K48+K49-K52 -> 0 | L55: =L48+L49-L52 -> 0 | M55: 0 | N55: 0 | O55: 0 | P55: 0
A56: 5.4. | B56: Strata z lat ubiegłych na początek okresu (-) | C56: 0 | D56: 0 | E56: 0 | F56: 0 | G56: 0 | H56: 0 | I56: 0 | J56: 0 | K56: 0 | L56: =M65+M69 -> 0 | M56: =N65+N69 -> 0 | N56: =P65+P69 -> 0 | O56: =P65+P69 -> 0 | P56: 0
B57: - zmiany przyjętych zasad (polityki) rachunkowości | C57: 0 | D57: 0 | E57: 0 | F57: 0 | G57: 0 | H57: 0 | I57: 0 | J57: 0 | K57: 0 | L57: 0 | M57: 0 | N57: 0 | O57: 0 | P57: 0
B58: - korekty błędów | C58: 0 | D58: 0 | E58: 0 | F58: 0 | G58: 0 | H58: 0 | I58: 0 | J58: 0 | K58: 0 | L58: 0 | M58: 0 | N58: 0 | O58: 0 | P58: 0
A59: 5.5. | B59: Strata z lat ubiegłych na początek okresu, po korektach | C59: =C56+C57+C58 -> 0 | D59: =D56+D57+D58 -> 0 | E59: =E56+E57+E58 -> 0 | F59: =F56+F57+F58 -> 0 | G59: =G56+G57+G58 -> 0 | H59: =H56+H57+H58 -> 0 | I59: =I56+I57+I58 -> 0 | J59: =J56+J57+J58 -> 0 | ... O59: =O56+O57+O58 -> 0 | P59: 0
A60: a | B60: zwiększenie (z tytułu) | C60: =SUM(C61:C62) -> 0 | D60: =SUM(D61:D62) -> 0 | E60: =SUM(E61:E62) -> 0 | F60: =SUM(F61:F62) -> 0 | G60: =SUM(G61:G62) -> 0 | H60: =SUM(H61:H62) -> 0 | I60: =SUM(I61:I62) -> 0 | J60: =SUM(J61:J62) -> 0 | ... O60: =SUM(O61:O62) -> 0 | P60: 0
B61: - przeniesienie straty z lat ubiegłych do pokrycia | C61: 0 | D61: 0 | E61: 0 | F61: 0 | G61: 0 | H61: 0 | I61: 0 | J61: 0 | K61: 0 | L61: 0 | M61: 0 | N61: 0 | O61: 0 | P61: 0
B62: - ........ | C62: 0 | D62: 0 | E62: 0 | F62: 0 | G62: 0 | H62: 0 | I62: 0 | J62: 0 | K62: 0 | L62: 0 | M62: 0 | N62: 0 | O62: 0 | P62: 0
A63: b | B63: zmniejszenie (z tytułu) | C63: =SUM(C64:C64) -> 0 | D63: =SUM(D64:D64) -> 0 | E63: =SUM(E64:E64) -> 0 | F63: =SUM(F64:F64) -> 0 | G63: =SUM(G64:G64) -> 0 | H63: =SUM(H64:H64) -> 0 | I63: =SUM(I64:I64) -> 0 | J63: =SUM(J64:J64) -> 0 | ... P63: =SUM(P64:P64) -> 0
B64: - ........ | C64: 0 | D64: 0 | E64: 0 | F64: 0 | G64: 0 | H64: 0 | I64: 0 | J64: 0 | K64: 0 | L64: 0 | M64: 0 | N64: 0 | O64: 0 | P64: 0
A65: 5.6. | B65: Strata z lat ubiegłych na koniec okresu | C65: =C59+C60-C63 -> 0 | D65: =D59+D60-D63 -> 0 | E65: =E59+E60-E63 -> 0 | F65: =F59+F60-F63 -> 0 | G65: =G59+G60-G63 -> 0 | H65: =H59+H60-H63 -> 0 | I65: =I59+I60-I63 -> 0 | J65: =J59+J60-J63 -> 0 | K65: =K59+K60-K63 -> 0 | L65: 0 | M65: 0 | N65: 0 | O65: 0 | P65: 0
A66: 5.7. | B66: Zysk (strata) z lat ubiegłych na koniec okresu | C66: =C55+C65 -> 522698.23 | D66: =D55+D65 -> 522698.23 | E66: =E55+E65 -> 288000 | F66: =F55+F65 -> 0 | G66: =G55+G65 -> 522698.23 | H66: =H55+H65 -> 288000 | I66: =I55+I65 -> 0 | J66: =J55+J65 -> 443662.78 | K66: =K55+K65 -> 0 | L66: 0 | M66: 0 | N66: 0 | O66: 0 | P66: 0
A67: 6 | B67: Wynik netto | C67: =SUM(C68:C70) -> 303298.25 | D67: =SUM(D68:D70) -> 288239.3 | E67: =SUM(E68:E70) -> -129639.91 | F67: =SUM(F68:F70) -> -81884.76 | G67: =SUM(G68:G70) -> 591537.55 | H67: =SUM(H68:H70) -> 461897.64 | I67: =SUM(I68:I70) -> 443662.78 | J67: =SUM(J68:J70) -> -25219.97 | ... P67: =SUM(P68:P70) -> 398081.12
A68: a | B68: zysk netto | C68: 303298.25 | D68: 288239.3 | E68: -129639.91 | F68: -81884.76 | G68: 591537.55 | H68: 461897.64 | I68: 443662.78 | J68: -25219.97 | K68: 735595.3 | L68: 0 | M68: =Pasywa!E19 -> 591537.55 | N68: =Pasywa!F19 -> 460219.07 | O68: =Pasywa!F19 -> 460219.07 | P68: =RZIS!Q61 -> 398081.12
A69: b | B69: strata netto (wielkość ujemna) | C69: 0 | D69: 0 | E69: 0 | F69: 0 | G69: 0 | H69: 0 | I69: 0 | J69: 0 | K69: 0 | L69: 0 | M69: 0 | N69: 0 | O69: 0 | P69: 0
A70: c | B70: odpisy z zysku (wielkość ujemna) | C70: 0 | D70: 0 | E70: 0 | F70: 0 | G70: 0 | H70: 0 | I70: 0 | J70: 0 | K70: 0 | L70: 0 | M70: 0 | N70: 0 | O70: 0 | P70: 0
A71: II | B71: Kapitał (fundusz) własny na koniec okresu (BZ) | C71: =C15+C28+C36+C43+C55+C65+C67 -> 1343527.6 | D71: =D15+D28+D36+D43+D55+D65+D67 -> 1328468.7 | E71: =E15+E28+E36+E43+E55+E65+E67 -> 910589.49 | F71: =F15+F28+F36+F43+F55+F65+F67 -> 670344.64 | G71: =G15+G28+G36+G43+G55+G65+G67 -> 1631766.9 | H71: =H15+H28+H36+H43+H55+H65+H67 -> 1502127 | I71: =I15+I28+I36+I43+I55+I65+I67 -> 1195892.2 | J71: =J15+J28+J36+J43+J55+J65+J67 -> 1170672.2 | K71: =K15+K28+K36+K43+K55+K65+K67 -> 1487824.7 | L71: 0 | M71: =M15+M28+M36+M43+M55+M65+M67 -> 1343767 | N71: =N15+N28+N36+N43+N55+N65+N67 -> 1212448.5 | O71: =O15+O28+O36+O43+O55+O65+O67 -> 1212448.5 | P71: =P15+P28+P36+P43+P55+P65+P67 -> 1593973.3
A72: III | B72: Kapitał (fundusz) własny, po uwzględnieniu proponowanego podziału zysku (pokrycia straty) | C72: =C71 -> 1343527.6 | D72: =D71 -> 1328468.7 | E72: =E71 -> 910589.49 | F72: =F71 -> 670344.64 | G72: =G71 -> 1631766.9 | H72: =H71 -> 1502127 | I72: 907892.18 | J72: =J71 -> 1170672.2 | K72: =K71 -> 1487824.7 | L72: 0 | M72: =M71 -> 1343767 | N72: =N71 -> 1212448.5 | O72: =O71 -> 1212448.5 | P72: =P71 -> 1593973.3
B74: Sprawdzenie | I74: =I71-Pasywa!G9 -> 0 | J74: =J71-Pasywa!E9 -> -461094.74 | K74: =K71-Pasywa!F9 -> -12623.77 | L74: =L71-Pasywa!G9 -> -1195892.2 | M74: =M71-Pasywa!H9 -> 173094.74 | N74: =N71-Pasywa!I9 -> 74787.98 | O74: =O71-Pasywa!J9 -> 112477.47 | P74: =P71-Pasywa!K9 -> 0

Sheet RPP
A1: Rachunek przepływów pieniężnych
A2: metoda pośrednia
A3: Lp. | B3: Tytuł | C3: 01.01.2022-31.12.2022 | D3: 01.01.2023-31.03.2023 | E3: 01.01.2023-30.06.2023 | F3: JAKI TO OKRES?? | G3: 01.01.2023-30.09.2023 | H3: 01.01.2023-31.12.2023 | I3: 01.01.2024-31.03.2024 | J3: 01.01.2024-30.06.2024 | L3: 01.04-30.06 | M3: 01.01.2024-30.09.2024 | N3: 01.01.2024-31.12.2024 | Q3: Q1 2023 | T3: Q2 | U3: Q3 | V3: Q4
A4: A | B4: Przepływy środków pieniężnych z działalności operacyjnej | C4: 0 | D4: 0 | E4: 0 | G4: 0 | H4: 0 | I4: 0 | J4: 0 | M4: 0 | N4: 0 | Q4: sprzedaż papierów | R4: 386156.56 | S4: 752-7 | T4: 611429.01 | U4: 611429.01 | V4: 611429.01
A5: I | B5: Zysk (strata) netto | C5: =Pasywa!C19 -> 522698.23 | D5: =Pasywa!D19 -> 443662.78 | E5: =Pasywa!E19 -> 591537.55 | F5: =E5-D5 -> 147874.77 | G5: =Pasywa!F19 -> 460219.07 | H5: =Pasywa!G19 -> 443662.78 | I5: =Pasywa!H19 -> -25219.97 | J5: =Pasywa!I19 -> -58231.69 | K5: =J5-I5 -> -33011.72 | L5: -33011.72 | M5: =Pasywa!J19 -> -95921.18 | N5: =Pasywa!K19 -> 398081.12 | Q5: wartość sprzedanych papierów | R5: 356131.75 | S5: 751-6 | T5: 556078.56 | U5: 556078.56 | V5: 556078.56
A6: II | B6: Korekty razem | C6: =SUM(C7:C16) -> -73938.03 | D6: =SUM(D7:D16) -> 282010.61 | E6: =SUM(E7:E16) -> 100465.44 | F6: =E6-D6 -> -181545.17 | G6: =SUM(G7:G16) -> 241692.7 | H6: =SUM(H7:H16) -> 121791.03 | I6: =SUM(I7:I16) -> -59126.13 | J6: =SUM(J7:J16) -> 380484.19 | K6: =J6-I6 -> 439610.32 | L6: =SUM(L7:L16) -> 412786.78 | M6: =SUM(M7:M16) -> 526171.48 | N6: =SUM(N7:N16) -> 147539.69 | Q6: inne koszty | R6: 0
A7: 1 | B7: Amortyzacja | C7: =RZIS!C16 -> 121171.73 | D7: =RZIS!G16 -> 210629.37 | E7: =RZIS!H16 -> 93177.01 | F7: =E7-D7 -> -117452.36 | G7: =RZIS!I16 -> 152063.81 | H7: =RZIS!J16 -> 210629.37 | I7: =-(Aktywa!AD11+Aktywa!AD19) -> 51404.55 | J7: =RZIS!O16+97613+1239.84 -> 196979.74 | K7: =J7-I7 -> 145575.19 | L7: =41297.06+Q20+1239.84 -> 115746.65 | M7: =RZIS!P16 -> 139781.32 | N7: =RZIS!Q16+-Aktywa!AM12 -> 427135.58 | O7: 400 +761-9-6+649 leasing | Q7: różnica | R7: =R4-R5-R6 -> 30024.81 | T7: =T4-T5 -> 55350.45 | U7: =U4-U5 -> 55350.45 | V7: =V4-V5 -> 55350.45
A8: 2 | B8: Zyski (straty) z tytułu różnic kursowych | C8: 0 | D8: 0 | E8: 0 | F8: =E8-D8 -> 0 | G8: 0 | H8: 0 | I8: 0 | J8: 0 | K8: =J8-I8 -> 0 | L8: 0 | M8: 0 | N8: 0
A9: 3 | B9: Odsetki i udziały w zyskach (dywidendy) | C9: =-(16261.65+3948.77) -> -20210.42 | D9: 0 | E9: 0 | F9: =E9-D9 -> 0 | G9: 0 | H9: =-121000+H60-315.62 -> -84186.85 | I9: 21250.47 | J9: =-(Aktywa!Q82+Aktywa!Q87)+Pasywa!Q32+Pasywa!Q34+Pasywa!Q36+Pasywa!Q54+S15+S16+S17 -> 47592.86 | K9: =J9-I9 -> 26342.39 | L9: =-(T28+T29)+T22+T23+T24+325.97+6784.16+U17 -> 29347.39 | M9: 0 | N9: =Pasywa!AA44-Aktywa!AM83-Aktywa!AM84+Pasywa!AA65+Pasywa!AA52+Pasywa!AA59+S34+S35 -> 12073.89 | O9: 752-1, 752-2
A10: 4 | B10: Zysk (strata) z działalności inwestycyjnej | C10: -105898.93 | D10: =-R7 -> -30024.81 | E10: =-T7 -> -55350.45 | F10: =E10-D10 -> -25325.64 | G10: =-U7-(G20+Aktywa!V15+Aktywa!V14)+90222.93 -> 31130.78 | H10: =-V7-(H20+Aktywa!W15+Aktywa!W14)+T10 -> -12271.51 | I10: =-W7-(I20+Aktywa!AD15+Aktywa!AD14)+T11 -> 53760.2 | J10: =-Aktywa!P84 -> 34017 | K10: =J10-I10 -> -19743.2 | L10: =-Aktywa!O84 -> -19743.2 | M10: =-Y7-(M20+Aktywa!AF15+Aktywa!AF14)+V11 -> 0 | N10: =-Aktywa!AG83-N20 -> 61595.56 | Q10: odpisy aktualizujące krótkoterm. Aktywa finansowe q42023 | T10: 51403.53
A11: 5 | B11: Zmiana stanu rezerw | C11: 19856.73 | D11: =Pasywa!D22-Pasywa!C22 -> 494893.95 | E11: =Pasywa!E22-Pasywa!C22 -> 466473 | F11: =E11-D11 -> -28420.95 | G11: =Pasywa!F22-Pasywa!C22 -> 466473 | H11: =Pasywa!G22-Pasywa!C22 -> 15995.05 | I11: =Pasywa!H22-Pasywa!G22 -> 472983.65 | J11: =Pasywa!I22-Pasywa!G22 -> 472983.65 | K11: =J11-I11 -> 0 | L11: =Pasywa!I22-Pasywa!H22 -> 0 | M11: =Pasywa!J22-Pasywa!G22 -> 458990 | N11: =Pasywa!K22-Pasywa!G22 -> 2529.26 | Q11: odpisy aktualizujące krótkoterm. Aktywa finansowe q12024 | T11: 53760.2
A12: 6 | B12: Zmiana stanu zapasów | C12: -442.91 | D12: =-(Aktywa!D52-Aktywa!C52) -> 2215.36 | E12: =-(Aktywa!E52-Aktywa!C52) -> -817.18 | F12: =E12-D12 -> -3032.54 | G12: =-(Aktywa!F52-Aktywa!C52) -> -27244.77 | H12: =-(Aktywa!G52-Aktywa!C52) -> -3144.46 | I12: =-(Aktywa!H52-Aktywa!G52) -> 5427.9 | J12: =-(Aktywa!I52-Aktywa!G52) -> 5427.9 | K12: =J12-I12 -> 0 | L12: =Aktywa!O52 -> 0 | M12: =-(Aktywa!J52-Aktywa!G52) -> 5651.94 | N12: =-(Aktywa!K52-Aktywa!G52) -> -8606.18 | Q12: odpisy aktualizujące krótkoterm. Aktywa finansowe q22024 | T12: 85420.53
A13: 7 | B13: Zmiana stanu należności | C13: -438371.97 | D13: =-(Aktywa!D58-Aktywa!C58)-(Aktywa!D24-Aktywa!C24) -> -407086.54 | E13: =-(Aktywa!E58-Aktywa!C58)-(Aktywa!E24-Aktywa!C24) -> -351852.2 | F13: =E13-D13 -> 55234.34 | G13: =-(Aktywa!F58-Aktywa!C58)-(Aktywa!F24-Aktywa!C24) -> -398867.53 | H13: =-(Aktywa!G58-Aktywa!C58)-(Aktywa!G24-Aktywa!C24) -> -574243.65 | I13: =-(Aktywa!H58-Aktywa!G58)-(Aktywa!H24-Aktywa!G24) -> -604019.88 | J13: =-(Aktywa!I58-Aktywa!G58)-(Aktywa!I24-Aktywa!G24) -> -260077.92 | K13: =J13-I13 -> 343941.96 | L13: =-(Aktywa!I58-Aktywa!H58)-(Aktywa!I24-Aktywa!H24) -> 343941.96 | M13: =-(Aktywa!J58-Aktywa!G58)-(Aktywa!J24-Aktywa!G24) -> -439395.69 | N13: =-(Aktywa!K58-Aktywa!G58)-(Aktywa!K24-Aktywa!G24) -> -350461.24
A14: 8 | B14: Zmiana stanu zobowiązań krótkoterminowych, z wyjątkiem pożyczek i kredytów | C14: 304904.74 | D14: =Pasywa!D39-Pasywa!C39 -> 13680.97 | E14: =Pasywa!E39-Pasywa!C39 -> -59151.23 | F14: =E14-D14 -> -72832.2 | G14: =Pasywa!F39-Pasywa!C39 -> 29609.36 | H14: =Pasywa!G39-Pasywa!C39 -> 659922.62 | I14: =Pasywa!O40+Pasywa!O54+Pasywa!O59+Pasywa!O60+Pasywa!O61+Pasywa!O62 -> 72373.77 | J14: =Pasywa!T40+Pasywa!T54+Pasywa!T59+Pasywa!T60+Pasywa!T61+Pasywa!T62 -> -47608.32 | K14: =J14+I14 -> 24765.45 | L14: =Pasywa!P40+Pasywa!P54+Pasywa!P59+Pasywa!P60+Pasywa!P61+Pasywa!P62 -> -119982.09 | M14: =Pasywa!J39-Pasywa!G39 -> 388813.73 | N14: =Pasywa!K39-Pasywa!G39-Pasywa!W51-Pasywa!W44+Pasywa!K53-Pasywa!G53+Pasywa!AA45+Pasywa!K36-Pasywa!G36 -> 234715.74 | S14: Q1i2 | U14: Q2
A15: 9 | B15: Zmiana stanu rozliczeń międzyokresowych | C15: 45053 | D15: =-(Aktywa!D48+Aktywa!D93-Aktywa!C48-Aktywa!C93)+Pasywa!D63-Pasywa!C63 -> -2297.69 | E15: =-(Aktywa!E48+Aktywa!E93-Aktywa!C48-Aktywa!C93)+Pasywa!E63-Pasywa!C63 -> 7986.49 | F15: =E15-D15 -> 10284.18 | G15: =-(Aktywa!F48+Aktywa!F93-Aktywa!C48-Aktywa!C93)+Pasywa!F63-Pasywa!C63 -> -11471.95 | H15: =-(Aktywa!G48+Aktywa!G93-Aktywa!C48-Aktywa!C93)+Pasywa!G63-Pasywa!C63 -> -90909.54 | I15: =-(Aktywa!H48+Aktywa!H93-Aktywa!G48-Aktywa!G93)+(Pasywa!H63-Pasywa!G63) -> -132306.79 | J15: =-(Aktywa!I48+Aktywa!I93-Aktywa!G48-Aktywa!G93)+(Pasywa!I63-Pasywa!G63) -> -68830.72 | K15: =J15-I15 -> 63476.07 | L15: =-(Aktywa!I48+Aktywa!I93-Aktywa!H48-Aktywa!H93)+(Pasywa!I63-Pasywa!H63) -> 63476.07 | M15: =-(Aktywa!J48+Aktywa!J93-Aktywa!G48-Aktywa!G93)+Pasywa!J63-Pasywa!G63 -> -27669.82 | N15: =-(Aktywa!K48+Aktywa!K93-Aktywa!G48-Aktywa!G93)+Pasywa!K63-Pasywa!G63 -> -231442.92 | R15: odsetki zapłacone | S15: 7930.51 | T15: 751-1-2 | U15: 6784.16
A16: 10 | B16: Inne korekty | C16: 0 | D16: 0 | E16: 0 | F16: =E16-D16 -> 0 | G16: 0 | H16: 0 | I16: 0 | J16: 0 | K16: =J16-I16 -> 0 | L16: 0 | M16: 0 | N16: 0 | R16: ods od leasingu | S16: 696.31 | T16: 751-1-3 | U16: 325.97
A17: III | B17: Przepływy pieniężne netto z działalności operacyjnej (I ± II) | C17: =C5+C6 -> 448760.2 | D17: =D5+D6 -> 725673.39 | E17: =E5+E6 -> 692002.99 | F17: =E17-D17 -> -33670.4 | G17: =G5+G6 -> 701911.77 | H17: =H5+H6 -> 565453.81 | I17: =I5+I6 -> -84346.1 | J17: =J5+J6 -> 322252.5 | K17: =J17-I17 -> 406598.6 | L17: =L5+L6 -> 379775.06 | M17: =M5+M6 -> 430250.3 | N17: =N5+N6 -> 545620.81 | R17: odsetki zapłacone pożyczki | S17: 5742.47 | T17: 751-1-2 | U17: 5742.47
A18: B | B18: Przepływy środków pieniężnych z działalności inwestycyjnej | C18: 0 | D18: 0 | E18: 0 | F18: =E18-D18 -> 0 | G18: 0 | H18: 0 | I18: 0 | J18: 0 | K18: =J18-I18 -> 0 | L18: 0 | M18: 0 | N18: 0
A19: I | B19: Wpływy | C19: =SUM(C20:C22)+C32 -> 234576.79 | D19: =SUM(D20:D22)+D32 -> 386156.56 | E19: =SUM(E20:E22)+E32 -> 611429.01 | F19: =E19-D19 -> 225272.45 | G19: =SUM(G20:G22)+G32 -> 632884.3 | H19: =SUM(H20:H22)+H32 -> 762038.76 | I19: =SUM(I20:I22)+I32 -> 0 | J19: =SUM(J20:J22)+J32 -> 0 | K19: =J19-I19 -> 0 | L19: =SUM(L20:L22)+L32 -> 0 | M19: =SUM(M20:M22)+M32 -> 0 | N19: =SUM(N20:N22)+N32 -> 143462.69 | O19: 752-7 | Q19: =24403.25*4 -> 97613 | R19: ZCP
A20: 1 | B20: Zbycie wartości niematerialnych i prawnych oraz rzeczowych aktywów trwałych | C20: 43983.75 | D20: 0 | E20: 0 | F20: =E20-D20 -> 0 | G20: 4455.29 | H20: 12609.75 | I20: 0 | J20: 0 | K20: =J20-I20 -> 0 | L20: 0 | M20: 0 | N20: 2703.24 | O20: 762-1 | Q20: =24403.25*3 -> 73209.75
A21: 2 | B21: Zbycie inwestycji w nieruchomości oraz wartości niematerialne i prawne | C21: 0 | D21: 0 | E21: 0 | F21: =E21-D21 -> 0 | G21: 0 | H21: 0 | I21: 0 | J21: 0 | K21: =J21-I21 -> 0 | L21: 0 | M21: 0 | N21: 0 | Q21: pożyczki otrzymane | S21: odsetki Q1 | T21: Q2
A22: 3 | B22: Z aktywów finansowych, w tym: | C22: 90593.04 | D22: =D23+D24 -> 386156.56 | E22: =E23+E24 -> 611429.01 | F22: =E22-D22 -> 225272.45 | G22: =G23+G24 -> 611429.01 | H22: =H23+H24 -> 749429.01 | I22: =I23+I24 -> 0 | J22: =J23+J24 -> 0 | K22: =J22-I22 -> 0 | L22: =L23+L24 -> 0 | M22: =M23+M24 -> 0 | N22: =N23+N24 -> 140759.45 | Q22: MP | R22: 450000 | S22: 8328.77 | T22: 8975.34
A23: a | B23: w jednostkach powiązanych | C23: 0 | D23: 0 | E23: 0 | F23: =E23-D23 -> 0 | G23: 0 | H23: 17000 | I23: 0 | J23: 0 | K23: =J23-I23 -> 0 | L23: 0 | M23: 0 | N23: =-Aktywa!AM85 -> 14000 | Q23: ATP | R23: 250000 | S23: 5216.44 | T23: 5983.56
A24: b | B24: w pozostałych jednostkach | C24: 90593.04 | D24: =SUM(D25:D31) -> 386156.56 | E24: =SUM(E25:E31) -> 611429.01 | F24: =E24-D24 -> 225272.45 | G24: =SUM(G25:G31) -> 611429.01 | H24: =SUM(H25:H31) -> 732429.01 | I24: =SUM(I25:I31) -> 0 | J24: =SUM(J25:J31) -> 0 | K24: =J24-I24 -> 0 | L24: =SUM(L25:L31) -> 0 | M24: =SUM(M25:M31) -> 0 | N24: =SUM(N25:N31) -> 126759.45 | Q24: KG | R24: 300000 | S24: 4449.32 | T24: 4986.3
B25: - zbycie aktywów finansowych | C25: 70382.62 | D25: 386156.56 | E25: 611429.01 | F25: =E25-D25 -> 225272.45 | G25: 611429.01 | H25: 611429.01 | I25: 0 | J25: 0 | K25: =J25-I25 -> 0 | L25: 0 | M25: 0 | N25: 0 | O25: 752-7 | Q25: DJ | R25: 200000 | S25: 3375.34 | T25: 2367.13
B26: - aktualizacja wartości aktywów | C26: 0 | D26: 0 | E26: 0 | F26: =E26-D26 -> 0 | G26: 0 | H26: 0 | I26: 0 | J26: 0 | K26: =J26-I26 -> 0 | L26: 0 | M26: 0 | N26: 0 | O26: 035 | Q26: kredyty | R26: =Pasywa!T51 -> 388608.15
B27: - dywidendy i udziały w zyskach | C27: 16261.65 | D27: 0 | E27: 0 | F27: =E27-D27 -> 0 | G27: 0 | H27: 121000 | I27: 0 | J27: 0 | K27: =J27-I27 -> 0 | L27: 0 | M27: 0 | N27: 0 | O27: 752-1 | Q27: pożyczki udzielone
B28: - spłata udzielonych pożyczek krótkoterninowych | C28: 0 | D28: 0 | E28: 0 | F28: =E28-D28 -> 0 | G28: 0 | H28: 0 | I28: 0 | J28: 0 | K28: =J28-I28 -> 0 | L28: 0 | M28: 0 | N28: =-Aktywa!AM86 -> 120000 | Q28: bluematica | S28: 1265.75 | T28: 1346.3
B29: - spłata udzielonych pożyczek długoterminowych | C29: 0 | D29: 0 | E29: 0 | F29: =E29-D29 -> 0 | G29: 0 | H29: 0 | I29: 0 | J29: 0 | K29: =J29-I29 -> 0 | L29: 0 | M29: 0 | N29: 0 | Q29: inventity | T29: 2104.11
B30: - odsetki | C30: 3948.77 | D30: 0 | F30: =E30-D30 -> 0 | G30: 0 | H30: 0 | I30: 0 | J30: 0 | K30: =J30-I30 -> 0 | L30: 0 | M30: 0 | N30: =-Aktywa!AM87 -> 6759.45
B31: - inne wpływy z aktywów finansowych | C31: 0 | D31: 0 | E31: 0 | F31: =E31-D31 -> 0 | G31: 0 | H31: 0 | I31: 0 | J31: 0 | K31: =J31-I31 -> 0 | L31: 0 | M31: 0 | N31: 0
A32: 4 | B32: Inne wpływy inwestycyjne | C32: 100000 | D32: 0 | E32: 0 | F32: =E32-D32 -> 0 | G32: 17000 | H32: 0 | I32: 0 | J32: 0 | K32: =J32-I32 -> 0 | L32: 0 | M32: 0 | N32: 0
A33: II | B33: Wydatki | C33: =SUM(C34:C36)+C44 -> 924761.82 | D33: =SUM(D34:D36)+D44 -> 874974.21 | E33: =SUM(E34:E36)+E44 -> 894838.21 | F33: =E33-D33 -> 19864 | G33: =SUM(G34:G36)+G44 -> 1147111.4 | H33: =SUM(H34:H36)+H44 -> 1345959.7 | I33: =SUM(I34:I36)+I41 -> 1474194.9 | J33: =SUM(J34:J36)+J44 -> 1617335.6 | K33: =J33-I33 -> 143140.74 | L33: =SUM(L34:L36)+L44 -> 143140.74 | M33: =SUM(M34:M36)+M44 -> 100290.74 | N33: =SUM(N34:N36)+N44 -> 1747716.4 | Q33: Odsetki i udziały w zyskach (dywidendy) - sprawdzenie
A34: 1 | B34: Nabycie wartości niematerialnych i prawnych oraz rzeczowych aktywów trwałych | C34: 460162.63 | D34: 72188.4 | E34: 92052.4 | F34: =E34-D34 -> 19864 | G34: =Aktywa!V12+Aktywa!V13 -> 102101.83 | H34: =Aktywa!W12+Aktywa!W13 -> 100628.14 | I34: =Aktywa!AB13 -> 1464194.9 | J34: =1608307.15-130971.54 -> 1477335.6 | K34: =J34-I34 -> 13140.74 | L34: 13140.74 | M34: =Aktywa!Z12+Aktywa!Z13 -> 100290.74 | N34: =Aktywa!AM11+Aktywa!AM15+Aktywa!AM19 -> 1607716.4 | O34: 010 i 020 WN | Q34: 751-1-3-1 | R34: odsetki leasing | S34: 1261.61
A35: 2 | B35: Inwestycje w nieruchomości oraz wartości niematerialne i prawne | C35: 0 | D35: 0 | E35: 0 | F35: =E35-D35 -> 0 | G35: 0 | H35: 0 | I35: 0 | J35: 0 | K35: =J35-I35 -> 0 | L35: 0 | M35: 0 | N35: 0 | Q35: 751-1-2 | R35: odsetki od kredytu | S35: 19397.29
A36: 3 | B36: Na aktywa finansowe, w tym: | C36: =C37+C40 -> 364599.19 | D36: =D37+D40 -> 199946.81 | E36: =E37+E40 -> 199946.81 | F36: =E36-D36 -> 0 | G36: =G37+G40 -> 425170.54 | H36: =H37+H40 -> 1245331.5 | I36: =I37+I40 -> 10000 | J36: =J37+J40 -> 140000 | K36: =J36-I36 -> 130000 | L36: =L37+L40 -> 130000 | M36: =M37+M40 -> 0 | N36: =N37+N40 -> 140000 | Q36: 751-1-1 | R36: odsetki od pożyczek | S36: 89440
A37: a | B37: w jednostkach powiązanych | C37: 0 | D37: 0 | E37: 0 | F37: =E37-D37 -> 0 | G37: 0 | H37: =H38+H39 -> 97000 | I37: =I38+I39 -> 10000 | J37: =J38+J39 -> 20000 | K37: =J37-I37 -> 10000 | L37: =L38+L39 -> 10000 | M37: 0 | N37: =N38+N39 -> 20000 | R37: Razem | S37: =SUM(S34:S36) -> 110098.9
B38: - nabycie aktywów finansowych | C38: 0 | D38: 0 | E38: 0 | F38: =E38-D38 -> 0 | G38: 0 | H38: 97000 | I38: 0 | J38: 0 | K38: =J38-I38 -> 0 | L38: 0 | M38: 0 | N38: 0 | Q38: 752-1-2 | R38: dywidenda taxaide | S38: 85857.01
B39: -udzielone pożyczki krótkoterminowe | F39: =E39-D39 -> 0 | H39: 0 | I39: 10000 | J39: 20000 | K39: =J39-I39 -> 10000 | L39: 10000 | N39: =Aktywa!AM81 -> 20000 | Q39: 752-2-1 | R39: odsetki naliczone bluematica | S39: 5408.55
A40: b | B40: w pozostałych jednostkach | C40: =SUM(C41:C43) -> 364599.19 | D40: =SUM(D41:D43) -> 199946.81 | E40: =SUM(E41:E43) -> 199946.81 | F40: =E40-D40 -> 0 | G40: =SUM(G41:G43) -> 425170.54 | H40: =SUM(H41:H43) -> 1148331.5 | I40: =SUM(I41:I43) -> 0 | J40: =SUM(J41:J43) -> 120000 | K40: =J40-I40 -> 120000 | L40: =SUM(L41:L43) -> 120000 | M40: =SUM(M41:M43) -> 0 | N40: =SUM(N41:N43) -> 120000 | Q40: 752-2-2 | R40: odsetki inventity | S40: 6759.45
B41: - nabycie aktywów finansowych | C41: 364599.19 | D41: 199946.81 | E41: 199946.81 | F41: =E41-D41 -> 0 | G41: 425170.54 | H41: =723161+425170.54 -> 1148331.5 | I41: 0 | J41: 0 | K41: =J41-I41 -> 0 | L41: 0 | M41: 0 | N41: 0 | O41: 038 | P41: 031 WN | Q41: 752-4 | R41: aktualizacja wartości investycji
B42: -udzielone pożyczki krótkoterminowe | C42: 0 | D42: 0 | E42: 0 | F42: =E42-D42 -> 0 | G42: 0 | H42: 0 | I42: 0 | J42: 120000 | K42: =J42-I42 -> 120000 | L42: 120000 | M42: 0 | N42: =Aktywa!AM82 -> 120000 | O42: 241-1-2 wn | R42: Razem | S42: =SUM(S38:S41) -> 98025.01
B43: - udzielone pożyczki długoterminowe | C43: 0 | D43: 0 | E43: 0 | F43: =E43-D43 -> 0 | G43: 0 | H43: 0 | I43: 0 | J43: 0 | K43: =J43-I43 -> 0 | L43: 0 | M43: 0 | N43: 0 | R43: Razem | S43: =S37-S42 -> 12073.89
A44: 4 | B44: Inne wydatki inwestycyjne | C44: 100000 | D44: =Aktywa!D33+R6 -> 602839 | E44: =Aktywa!E33 -> 602839 | F44: =E44-D44 -> 0 | G44: =602839+17000 -> 619839 | H44: 0 | I44: 0 | J44: 0 | K44: =J44-I44 -> 0 | L44: 0 | M44: 0 | N44: 0 | S44: =S43-N9 -> -1.4551915e-11
A45: III | B45: Przepływy pieniężne netto z działalności inwestycyjnej (I-II) | C45: =C19-C33 -> -690185.03 | D45: =D19-D33 -> -488817.65 | E45: =E19-E33 -> -283409.2 | F45: =E45-D45 -> 205408.45 | G45: =G19-G33 -> -514227.07 | H45: =H19-H33 -> -583920.92 | I45: =I19-I33 -> -1474194.9 | J45: =J19-J33 -> -1617335.6 | K45: =J45-I45 -> -143140.74 | L45: =L19-L33 -> -143140.74 | M45: =M19-M33 -> -100290.74 | N45: =N19-N33 -> -1604253.7
A46: C | B46: Przepływy środków pieniężnych z działalności finansowej | C46: 0 | D46: 0 | E46: 0 | F46: =E46-D46 -> 0 | G46: 0 | H46: 0 | I46: 0 | J46: 0 | K46: =J46-I46 -> 0 | L46: 0 | M46: 0 | N46: 0
A47: I | B47: Wpływy | C47: =SUM(C48:C51) -> 0 | D47: =SUM(D48:D51) -> 358438.36 | E47: =SUM(E48:E51) -> 368036.99 | F47: =E47-D47 -> 9598.63 | G47: =SUM(G48:G51) -> 377741.1 | H47: =SUM(H48:H51) -> 350000 | I47: =SUM(I48:I51) -> 1478798.2 | J47: =SUM(J48:J51) -> 1588608.1 | K47: =J47-I47 -> 109809.92 | L47: =SUM(L48:L51) -> 0 | M47: =SUM(M48:M51) -> 0 | N47: =SUM(N48:N51) -> 1342000.3
A48: 1 | B48: Wpływy netto z wydania udziałów (emisji akcji) i innych instrumentów kapitałowych oraz dopłat do kapitału | C48: 0 | D48: 0 | E48: 0 | F48: =E48-D48 -> 0 | G48: 0 | H48: 0 | I48: 0 | J48: 0 | K48: =J48-I48 -> 0 | L48: 0 | M48: 0 | N48: 0
A49: 2 | B49: Kredyty i pożyczki | C49: 0 | D49: 358438.36 | E49: 368036.99 | F49: =E49-D49 -> 9598.63 | G49: 377741.1 | H49: 350000 | I49: 1478798.2 | J49: =R22+R23+R24+R25+Pasywa!T51 -> 1588608.1 | K49: =J49-I49 -> 109809.92 | L49: 0 | M49: 0 | N49: =Pasywa!AA64+Pasywa!AA51+Pasywa!AA58+Pasywa!AA61 -> 1342000.3 | O49: MP, KG, AP,DJ + kredyty
A50: 3 | B50: Emisja dłużnych papierów wartościowych | C50: 0 | D50: 0 | E50: 0 | F50: =E50-D50 -> 0 | G50: 0 | H50: 0 | I50: 0 | J50: 0 | K50: =J50-I50 -> 0 | L50: 0 | M50: 0 | N50: 0
A51: 4 | B51: Inne wpływy finansowe | C51: 0 | D51: 0 | E51: 0 | F51: =E51-D51 -> 0 | G51: 0 | H51: 0 | I51: 0 | J51: 0 | K51: =J51-I51 -> 0 | L51: 0 | M51: 0 | N51: 0
A52: II | B52: Wydatki | C52: =SUM(C53:C61) -> 240000 | D52: =SUM(D53:D61) -> 0 | E52: =SUM(E53:E61) -> 0 | F52: =E52-D52 -> 0 | G52: =SUM(G53:G61) -> 0 | H52: =SUM(H53:H61) -> 675128.77 | I52: =SUM(I53:I61) -> 1146.35 | J52: =SUM(J53:J61) -> 219041.47 | K52: =J52-I52 -> 217895.12 | L52: =SUM(L53:L61) -> 217524.78 | M52: =SUM(M53:M61) -> 5000 | N52: =SUM(N53:N61) -> 326290.34
A53: 1 | B53: Nabycie udziałów (akcji) własnych | C53: 0 | D53: 0 | E53: 0 | F53: =E53-D53 -> 0 | G53: 0 | H53: 0 | I53: 0 | J53: 0 | K53: =J53-I53 -> 0 | L53: 0 | M53: 0 | N53: 0
A54: 2 | B54: Dywidendy i inne wypłaty na rzecz właścicieli | C54: 240000 | D54: 0 | E54: 0 | F54: =E54-D54 -> 0 | G54: 0 | H54: 288000 | I54: 0 | J54: 0 | K54: =J54-I54 -> 0 | L54: 0 | M54: 0 | N54: 0
A55: 3 | B55: Inne, niż wypłaty na rzecz właścicieli, wydatki z tytułu podziału zysku | C55: 0 | D55: 0 | E55: 0 | F55: =E55-D55 -> 0 | G55: 0 | H55: 0 | I55: 0 | J55: 0 | K55: =J55-I55 -> 0 | L55: 0 | M55: 0 | N55: 0
A56: 4 | B56: Spłaty kredytów i pożyczek | C56: 0 | D56: 0 | E56: 0 | F56: =E56-D56 -> 0 | G56: 0 | H56: 350000 | I56: 0 | J56: 200000 | K56: =J56-I56 -> 200000 | L56: =200000 -> 200000 | M56: 5000 | N56: =-(Pasywa!AA66+Pasywa!AA53+Pasywa!AA60) -> 260902.28
A57: 5 | B57: Wykup dłużnych papierów wartościowych | C57: 0 | D57: 0 | E57: 0 | F57: =E57-D57 -> 0 | G57: 0 | H57: 0 | I57: 0 | J57: 0 | K57: =J57-I57 -> 0 | L57: 0 | M57: 0 | N57: 0
A58: 6 | B58: Z tytułu innych zobowiązań finansowych | C58: 0 | D58: 0 | E58: 0 | F58: =E58-D58 -> 0 | G58: 0 | H58: 0 | I58: 0 | J58: 0 | K58: =J58-I58 -> 0 | L58: 0 | M58: 0 | N58: 0
A59: 7 | B59: Płatności zobowiązań z tytułu umów leasingu finansowego | C59: 0 | D59: 0 | E59: 0 | F59: =E59-D59 -> 0 | G59: 0 | H59: 0 | I59: 0 | J59: =4672.18 -> 4672.18 | K59: =J59-I59 -> 4672.18 | L59: =4672.18 -> 4672.18 | M59: 0 | N59: =Pasywa!K53 -> 38986.69
A60: 8 | B60: Odsetki | C60: 0 | D60: 0 | E60: 0 | F60: =E60-D60 -> 0 | G60: 0 | H60: 37128.77 | I60: 1146.35 | J60: =S15+S16+S17 -> 14369.29 | K60: =J60-I60 -> 13222.94 | L60: =U15+U16+U17 -> 12852.6 | M60: 0 | N60: =-Pasywa!AA54+S34+S35 -> 26401.37 | O60: 751-1
A61: 9 | B61: Inne wydatki finansowe | C61: 0 | D61: 0 | E61: 0 | F61: =E61-D61 -> 0 | G61: 0 | H61: 0 | I61: 0 | J61: 0 | K61: =J61-I61 -> 0 | L61: 0 | M61: 0 | N61: 0
A62: III | B62: Przepływy pieniężne netto z działalności finansowej (I-II) | C62: =C47-C52 -> -240000 | D62: =D47-D52 -> 358438.36 | E62: =E47-E52 -> 368036.99 | F62: =E62-D62 -> 9598.63 | G62: =G47-G52 -> 377741.1 | H62: =H47-H52 -> -325128.77 | I62: =I47-I52 -> 1477651.9 | J62: =J47-J52 -> 1369566.7 | K62: =J62-I62 -> -108085.2 | L62: =L47-L52 -> -217524.78 | M62: =M47-M52 -> -5000 | N62: =N47-N52 -> 1015710
A63: D | B63: Przepływy pieniężne netto, razem (A.III ± B.III ± C.III) | C63: =C62+C45+C17 -> -481424.83 | D63: =D62+D45+D17 -> 595294.1 | E63: =E62+E45+E17 -> 776630.78 | F63: =E63-D63 -> 181336.68 | G63: =G62+G45+G17 -> 565425.8 | H63: =H62+H45+H17 -> -343595.88 | I63: =I62+I45+I17 -> -80889.09 | J63: =J62+J45+J17 -> 74483.57 | K63: =J63-I63 -> 155372.66 | L63: =L62+L45+L17 -> 19109.54 | M63: =M62+M45+M17 -> 324959.56 | N63: =N62+N45+N17 -> -42922.96
A64: E | B64: Bilansowa zmiana stanu środków pieniężnych, w tym: | C64: -481424.83 | D64: =Aktywa!D89-Aktywa!C89 -> 282744.62 | E64: =Aktywa!E89-Aktywa!C89 -> 776733.78 | F64: =E64-D64 -> 493989.16 | G64: =Aktywa!F89-Aktywa!C89 -> 565425.8 | H64: =Aktywa!G89-Aktywa!C89 -> -343595.88 | I64: =Aktywa!H89-Aktywa!G89 -> -53364.43 | J64: =Aktywa!I89-Aktywa!G89 -> -34556.24 | K64: =J64-I64 -> 18808.19 | L64: =Aktywa!I89-Aktywa!H89 -> 18808.19 | M64: =Aktywa!J89-Aktywa!G89 -> -47780.5 | N64: =Aktywa!K89-Aktywa!G89 -> -42922.96
B65: - zmiana stanu środków pieniężnych z tytułu różnic kursowych | C65: 0 | D65: 0 | E65: 0 | F65: =E65-D65 -> 0 | G65: 0 | H65: 0 | I65: 0 | J65: 0 | K65: =J65-I65 -> 0 | L65: 0 | M65: 0 | N65: 0
A66: F | B66: Środki pieniężne na początek okresu | C66: 886338.57 | D66: 404913.74 | E66: =C67 -> 404913.74 | F66: =E66-D66 -> 0 | G66: =C67 -> 404913.74 | H66: =C67 -> 404913.74 | I66: =H67 -> 61317.86 | J66: =H67 -> 61317.86 | K66: =J66-I66 -> 0 | L66: =I67 -> -19571.23 | M66: =H67 -> 61317.86 | N66: =H67 -> 61317.86
A67: G | B67: Środki pieniężne na koniec okresu (F±D), w tym: | C67: =C66+C63 -> 404913.74 | D67: =D66+D63 -> 1000207.8 | E67: =E66+E63 -> 1181544.5 | F67: =E67-D67 -> 181336.68 | G67: =G66+G63 -> 970339.54 | H67: =H66+H63 -> 61317.86 | I67: =I66+I63 -> -19571.23 | J67: =J66+J63 -> 135801.43 | K67: =J67-I67 -> 155372.66 | L67: =L66+L63 -> -461.69 | M67: =M66+M63 -> 386277.42 | N67: =N66+N63 -> 18394.9
B68: - o ograniczonej możliwości dysponowania | C68: 0 | D68: 0 | E68: 0 | F68: =E68-D68 -> 0 | G68: 0 | H68: 0 | I68: 0 | J68: 0 | K68: =J68-I68 -> 0 | L68: 0 | M68: 0 | N68: 0
B70: Sprawdzenie | C70: =Aktywa!C88-C67 -> 0 | D70: =Aktywa!D88-D67 -> -312549.48 | E70: =Aktywa!E88-E67 -> 103 | G70: =Aktywa!F88-G67 -> 0 | H70: =Aktywa!G88-H67 -> -4.5110937e-10 | I70: =Aktywa!H88-I67 -> 27524.66 | J70: =Aktywa!I88-J67 -> -109039.81 | L70: =Aktywa!I88-L67 -> 27223.31 | M70: =Aktywa!J88-M67 -> -372740.06 | N70: =Aktywa!K88-N67 -> -6.0168e-05

Sheet CIT8
A1: Numer | B1: Nazwa | C1: Saldo Wn | D1: Saldo Ma | E1: Koszty | F1: Przychody
A2: 400 | B2: Amortyzacja | C2: 183103.1 | D2: 0 | E2: =C2 -> 183103.1
A3: 400-1 | B3: Amortyzacja środków trwałych | C3: 74289.27 | D3: 0
A4: 400-1-1 | B4: Stanowiąca KUP | C4: 0 | D4: 0
A5: 400-1-2 | B5: Nie stanowiąca KUP | C5: 74289.27 | D5: 0 | E5: =-C5 -> -74289.27
A6: 400-2 | B6: Amortyzacja WNiP | C6: 108813.83 | D6: 0
A7: 400-2-1 | B7: Stanowiąca KUP | C7: 0 | D7: 0
A8: 400-2-2 | B8: Nie stanowiąca KUP | C8: 108813.83 | D8: 0 | E8: =-C8 -> -108813.83
A9: 401 | B9: Zużycie materiałów energii | C9: 460559.63 | D9: 0 | E9: =C9 -> 460559.63
A10: 401-1 | B10: Energia | C10: 70368.75 | D10: 0
A11: 401-2 | B11: Zużycie materiałów pomocniczych | C11: 172357.37 | D11: 0
A12: 401-3 | B12: Materiały biurowe | C12: 590.16 | D12: 0
A13: 401-4 | B13: Wyposażenie | C13: 212869.11 | D13: 0
A14: 401-5 | B14: Paliwo | C14: 4374.24 | D14: 0
A15: 402 | B15: Usługi obce | C15: 6740983.1 | D15: 0 | E15: =C15 -> 6740983.1
A16: 402-1 | B16: Czynsz | C16: 682778.72 | D16: 0
A17: 402-10 | B17: Koszty związane z eksploatacją samochodu | C17: 5325.2 | D17: 0
A18: 402-11 | B18: Rezerwa na usł. podwykonawców | C18: 0 | D18: 0
A19: 402-12 | B19: usługi podwykonawców | C19: 4300425 | D19: 0
A20: 402-13 | B20: usługi bankowe | C20: 16422.9 | D20: 0
A21: 402-2 | B21: Usługi transportowe i pocztowe | C21: 11498.87 | D21: 0
A22: 402-3 | B22: Telekomunikacja | C22: 39561.28 | D22: 0
A23: 402-4 | B23: usługi informatyczne | C23: 335043.2 | D23: 0
A24: 402-5 | B24: usługi doradcze | C24: 87851 | D24: 0
A25: 402-6 | B25: rozliczenie prenumerat, polis | C25: 30227.46 | D25: 0
A26: 402-7 | B26: usługi marketingowe | C26: 555127.67 | D26: 0
A27: 402-8 | B27: usługi pozostałe | C27: 348891.19 | D27: 0
A28: 402-9 | B28: usługi szkoleniowe | C28: 327830.58 | D28: 0
A29: 403 | B29: Podatki i opłaty | C29: 1360 | D29: 0 | E29: =C29 -> 1360
A30: 403-1 | B30: Podatek od nieruchomości | C30: 0 | D30: 0
A31: 403-2 | B31: Podatek od czynności cywilnoprawnych | C31: 1000 | D31: 0
A32: 403-3 | B32: Podatek od środków transportu | C32: 0 | D32: 0
A33: 403-4 | B33: VAT niepodlegający odliczeniu | C33: 0 | D33: 0
A34: 403-5 | B34: Podatek akcyzowy | C34: 0 | D34: 0
A35: 403-6 | B35: Pozostałe podatki i opłaty | C35: 360 | D35: 0
A36: 404 | B36: Wynagrodzenia | C36: 9638854.4 | D36: 0 | E36: =C36 -> 9638854.4
A37: 404-1 | B37: wynagrodzenia etatowe | C37: 7502382.3 | D37: 0
A38: 404-2 | B38: wynagrodzenia um. cyw. - praw. | C38: 2136472.1 | D38: 0
A39: 404-3 | B39: Rezerwa na wynagrodzenia | C39: 0 | D39: 0
A40: 405 | B40: Ubezpieczenia społeczne i inne świadczenia | C40: 1810582.8 | D40: 0 | E40: =C40 -> 1810582.8
A41: 405-1 | B41: Ub. społ. pracowników | C41: 1452983 | D41: 0
A42: 405-2 | B42: badanie lekarskie pracowników | C42: 9847 | D42: 0
A43: 405-3 | B43: Rezerwa na narzuty ZUS | C43: 0 | D43: 0
A44: 405-4 | B44: pakiety medyczne pracowników | C44: 113904 | D44: 0
A45: 405-5 | B45: karty multisport dla pracowników | C45: 54232.08 | D45: 0
A46: 405-6 | B46: Pozostałe świadczenia na rzecz pracowników | C46: 7890.45 | D46: 0
A47: 405-7 | B47: PFRON | C47: 132838 | D47: 0 | E47: =-C47 -> -132838
A48: 405-8 | B48: PPK | C48: 34752.28 | D48: 0
A49: 405-9 | B49: Koszty BHP | C49: 4136 | D49: 0
A50: 406 | B50: Pozostale koszty rodzajowe | C50: 39863.58 | D50: 0 | E50: =C50 -> 39863.58
A51: 406-1 | B51: Koszty podróży służbowych | C51: 39595.83 | D51: 0
A52: 406-2 | B52: Inne koszty rodzajowe | C52: 267.75 | D52: 0
A53: 490 | B53: Rozliczenie kosztów | C53: 0 | D53: 18865863
A54: 501 | B54: oddział Kraków_I | C54: 2798890.3 | D54: 0
A55: 501-1 | B55: koszty bezpośrednie | C55: 2307270.5 | D55: 0
A56: 501-1-01 | B56: koszty biura | C56: 16793.46 | D56: 0
A57: 501-1-02 | B57: czynsz | C57: 62943.98 | D57: 0
A58: 501-1-03 | B58: media | C58: 19261.82 | D58: 0
A59: 501-1-04 | B59: wyposażenie, RMK, amortyzacja | C59: 28386.94 | D59: 0
A60: 501-1-05 | B60: telekomunikacja, pocztowe, kurierskie | C60: 4085.22 | D60: 0
A61: 501-1-06 | B61: wynagrodzenie bezpośrednie | C61: 2121641.8 | D61: 0
A62: 501-1-07 | B62: koszty pracownicze pozostałe | C62: 24982.61 | D62: 0
... A377: 590-14 | B377: usługi rozwojowe | C377: 8575.18 | D377: 0
A378: 701 | B378: Przychody ze sprzedaży usług księgowych | C378: 0 | D378: 14404059 | F378: =D378 -> 14404059
A379: 701-01 | B379: Kraków_I | C379: 0 | D379: 2324145.3
A380: 701-01-4DIVERSITY | B380: 4Diversity D. Pudzianowska, W.Burek spółka cywilna | C380: 0 | D380: 0
A381: 701-01-5C | B381: 5C SPÓŁKA Z OGRANICZONĄ ODPOWIEDZIALNOŚCIĄ | C381: 0 | D381: 7982
A382: 701-01-A+V | B382: A+V SPÓŁKA Z OGRANICZONĄ ODPOWIEDZIALNOŚCIĄ | C382: 0 | D382: 101626
A383: 701-01-A+V_KOM | B383: A+V SPÓŁKA Z OGRANICZONĄ ODPOWIEDZIALNOŚCIĄ | C383: 0 | D383: 6322
A384: 701-01-ADHEADS | B384: ADHEADS SPÓŁKA Z OGRANICZONĄ ODPOWIEDZIALNOŚCIĄ | C384: 0 | D384: 0
A385: 701-01-ADVANTAGE_CONSUL | B385: Advantage Consult sp. z o.o. | C385: 0 | D385: 0
A386: 701-01-AGAN | B386: Agan sp. z o.o. | C386: 0 | D386: 0
A387: 701-01-AKADEMIA_UAV | B387: AKADEMIA UAV SPÓŁKA Z OGRANICZONĄ | C387: 0 | D387: 32978
A388: 701-01-ALLIANCE | B388: Alliance V&V Sp. z o.o. | C388: 0 | D388: 0
A389: 701-01-AMATEC | B389: AMATEC POLSKA SPÓŁKA Z OGRANICZONĄ | C389: 0 | D389: 50200
A390: 701-01-AMORIM_FLORIANO | B390: ANDRÉ AMORIM FLORIANO ONLINE TRAINING | C390: 0 | D390: 2112
... A1957: 701-12-SALAG | B1957: SALAG SPÓŁKA Z OGRANICZONĄ ODPOWIEDZIALNOŚCIĄ | C1957: 0 | D1957: 40000
A1958: 702 | B1958: Przychody ze sprzedaży usług kadrowo-płacowych | C1958: 0 | D1958: 3975247.6 | F1958: =D1958 -> 3975247.6
A1959: 702-01 | B1959: Kraków | C1959: 0 | D1959: 1223458
A1960: 702-01-5C | B1960: 5C SPÓŁKA Z OGRANICZONĄ ODPOWIEDZIALNOŚCIĄ | C1960: 0 | D1960: 230
A1961: 702-01-6CONNEX_INTERNATION | B1961: 6Connex International Sp. zo.o. | C1961: 0 | D1961: 0
A1962: 702-01-AET | B1962: AET POLAND SPÓŁKA Z OGRANICZONĄ ODPOWIEDZIALNOŚCIĄ | C1962: 0 | D1962: 0
A1963: 702-01-AGAN | B1963: Agan sp. z o.o. | C1963: 0 | D1963: 0
A1964: 702-01-AKADEMIA_UAV | B1964: AKADEMIA UAV SPÓŁKA Z OGRANICZONĄ | C1964: 0 | D1964: 5233
A1965: 702-01-ALLIANCE | B1965: Alliance V&V Sp. z o.o. | C1965: 0 | D1965: 0
A1966: 702-01-ANACIK_KRYZA | B1966: Anacik-Kryza Agata | C1966: 0 | D1966: 64
A1967: 702-01-ASOFT | B1967: Streamsoft Kraków Sp. z o.o. | C1967: 0 | D1967: 29920
A1968: 702-01-BEDNARCZYK | B1968: Bednarczyk Karol Lodowy Wóz | C1968: 0 | D1968: 0
A1969: 702-01-BHL | B1969: BHL SPÓŁKA Z OGRANICZONĄ ODPOWIEDZIALNOŚCIĄ | C1969: 0 | D1969: 2879
A1970: 702-01-BIELAŃSKI | B1970: Bielański, Składowska adwokaci, radcowie prawni | C1970: 0 | D1970: 1950
... A2766: 702-12 | B2766: BPO | C2766: 0 | D2766: 0
A2767: 703 | B2767: Przychody ze sprzedaży usług najmu | C2767: 0 | D2767: 337919.56 | F2767: =D2767 -> 337919.56
A2768: 703-01 | B2768: Kraków_I | C2768: 0 | D2768: 0
A2769: 703-01-5C | B2769: 5C SPÓŁKA Z OGRANICZONĄ ODPOWIEDZIALNOŚCIĄ | C2769: 0 | D2769: 0
A2770: 703-01-ADLA | B2770: ADLA SPÓŁKA Z OGRANICZONĄ ODPOWIEDZIALNOŚCIĄ | C2770: 0 | D2770: 0
A2771: 703-01-AGAN | B2771: Agan sp. z o.o. | C2771: 0 | D2771: 0
A2772: 703-01-ASTAPRIME | B2772: Astaprime Sp. zo.o. | C2772: 0 | D2772: 0
A2773: 703-01-BEST_SPACE | B2773: Best Space Sp. z o.o. | C2773: 0 | D2773: 0
A2774: 703-01-BOCHENEK | B2774: Bochenek Piotr EnterLink | C2774: 0 | D2774: 0
A2775: 703-01-BRAINLY | B2775: Brainly Sp. z o.o. | C2775: 0 | D2775: 0
...

Sheet Podatek odroczony
A1: Aktywa/pasywa | B1: Pozycja | C1: Stan na dzień 31.12.2024 | D1: Stan na dzień 31.12.2021 | E1: Stan na dzień 31.12.2020 | F1: Stan na dzień 31.12.2019 | G1: wartość bilansowa | H1: wartość podatkowa | I1: różnica przejściowa ujemna (aktywa) | J1: różnica przejściowa dodatnia (pasywa) | K1: Uwagi | O1: wartość bilansowa | P1: wartość podatkowa | Q1: różnica przejściowa ujemna (aktywa) | R1: różnica przejściowa dodatnia (pasywa)
A2: Pozycja aktywów | B2: Wartości niematerialne i prawne | C2: 1344345.7 | D2: 300000 | E2: 811.38 | F2: 9314.65 | G2: =C2 -> 1344345.7 | H2: =C2 -> 1344345.7 | I2: 0 | J2: 0 | L2: ok | O2: =E2 -> 811.38 | P2: 0 | Q2: 0 | R2: =O2-P2 -> 811.38
A3: Pozycja aktywów | B3: Środki trwałe | C3: 154283.89 | D3: 92247.53 | E3: 82795.45 | F3: 90601.71 | G3: =C3 -> 154283.89 | H3: 0 | I3: 0 | J3: =G3-H3 -> 154283.89 | K3: wartość do umorzenia bilansowa 152,6k, przyszła amortyzacja podatkowa 0 utworzona rezerwa | L3: ok | O3: =E3 -> 82795.45 | P3: 7786.19 | Q3: 0 | R3: =O3-P3 -> 75009.26
A4: Pozycja aktywów | B4: Środki trwałe w budowie | C4: 0 | D4: 1096.75 | E4: 0 | F4: 0 | G4: =C4 -> 0 | H4: =C4 -> 0 | I4: 0 | J4: 0 | L4: ok | O4: 0 | P4: 0 | Q4: 0 | R4: 0
A5: Pozycja aktywów | B5: Należności długoterminowe - kaucje za wynajmowane lokale | C5: 106539.81 | D5: 39129 | E5: 41100.05 | F5: 45600.05 | G5: =C5 -> 106539.81 | H5: =C5 -> 106539.81 | I5: =G5-H5 -> 0 | J5: =G5-H5 -> 0 | L5: ok | O5: 0 | P5: 0 | Q5: 0 | R5: 0
A6: Pozycja aktywów | B6: Inwestycje długoterminowe | C6: 723161 | G6: =C6 -> 723161 | H6: =C6 -> 723161 | I6: =G6-H6 -> 0 | J6: =G6-H6 -> 0 | L6: ok
A7: Pozycja aktywów | B7: Aktywa z tytułu odroczonego podatku dochodowego | C7: 91067.28 | D7: 39297.09 | E7: 0 | F7: 0 | G7: =C7 -> 91067.28 | H7: =C7 -> 91067.28 | I7: 0 | J7: 0 | L7: ok | O7: 0 | P7: 0 | Q7: 0 | R7: 0
A8: Pozycja aktywów | B8: Zaliczki na dostawy i usługi | C8: 15000 | D8: 2806.45 | E8: 5428.22 | F8: 26134.02 | G8: =C8 -> 15000 | H8: =C8 -> 15000 | I8: 0 | J8: 0 | L8: ok | O8: 0 | P8: 0 | Q8: 0 | R8: 0
A9: Pozycja aktywów | B9: Należności od odbiorców do 12 m-cy | C9: =2092868.94+490.77 -> 2093359.7 | D9: 873424.35 | E9: 737569.29 | F9: 899697.64 | G9: =C9 -> 2093359.7 | H9: =C9+(90436.39+330725.62)/1.23 -> 2435767.8 | I9: =H9-G9 -> 342408.14 | J9: 0 | K9: wartość podatkowa powiększona o kwotę netto (bez VAT) odpisów aktualizujących z konta 281 i 282, powstały aktywa | L9: ok, tutaj wliczamy również jednostki powiązane | O9: =E9 -> 737569.29 | P9: =O9+219545.84/1.23 -> 916061.84 | Q9: =P9-O9 -> 178492.55 | R9: 0
A10: Pozycja aktywów | B10: Należności z tytułu podatków, dotacji, ceł, ubezpieczeń społecznych i zdrowotnych oraz innych tytułów publicznoprawnych | C10: 0 | D10: 3897 | E10: 0 | F10: 0 | G10: =C10 -> 0 | H10: =C10 -> 0 | I10: 0 | J10: 0 | L10: ok | O10: =E10 -> 0 | P10: =E10 -> 0 | Q10: 0 | R10: 0
A11: Pozycja aktywów | B11: Inne należności krótkoterminowe | C11: 31995.8 | D11: 6009.5 | E11: 10993.62 | F11: 6987.41 | G11: =C11 -> 31995.8 | H11: =C11 -> 31995.8 | I11: 0 | J11: 0 | L11: ok | O11: =E11 -> 10993.62 | P11: =E11 -> 10993.62 | Q11: 0 | R11: 0
A12: Pozycja aktywów | B12: Udzielone pożyczki | C12: 91724.17 | G12: =C12 -> 91724.17 | H12: =C12-5408.55 -> 86315.62 | I12: 0 | J12: =G12-H12 -> 5408.55 | K12: wartość podatkowa pomniejszona o odsetki naliczone, a nieotrzymane | L12: ok
A13: Pozycja aktywów | B13: Udziały lub akcje | C13: 109521.4 | G13: =C13 -> 109521.4 | H13: 225223.73 | I13: =H13-G13 -> 115702.33 | J13: 0 | K13: wartość akcji w cenie nabycia 225223,73 zł | L13: ok
A14: Pozycja aktywów | B14: Środki pieniężne i inne aktywa pieniężne | C14: 18394.9 | D14: 886338.57 | E14: 667186.88 | F14: 183246.18 | G14: =C14 -> 18394.9 | H14: =C14 -> 18394.9 | I14: 0 | J14: 0 | L14: ok | O14: =E14 -> 667186.88 | P14: =E14 -> 667186.88 | Q14: 0 | R14: 0
A15: Pozycja aktywów | B15: Krótkoterminowe rozliczenia międzyokresowe | C15: 296021.69 | D15: 115562.36 | E15: 39874.65 | F15: 30190.04 | G15: =C15 -> 296021.69 | H15: =C15 -> 296021.69 | I15: 0 | J15: 0 | L15: ok | O15: =E15 -> 39874.65 | P15: =E15 -> 39874.65 | Q15: 0 | R15: 0
A16: Raz` | B16: Razem aktywa | C16: =SUM(C2:C15) -> 5075415.4 | G16: =C16-5073779.13 -> 1636.25
A18: Pozycja pasywów | B18: Rezerwa z tytułu odroczonego podatku dochodowego | C18: 17246.8 | D18: 6512.25 | E18: 0 | F18: 0 | G18: =C18 -> 17246.8 | H18: =C18 -> 17246.8 | I18: 0 | J18: 0 | L18: ok | O18: 0 | P18: 0 | Q18: 0 | R18: 0
A19: Pozycja pasywów | B19: Rezerwa na urlopy | C19: 127799.35 | D19: 121247.62 | E19: 0 | F19: 0 | G19: =C19 -> 127799.35 | H19: 0 | I19: =G19-H19 -> 127799.35 | J19: 0 | L19: w 2023 stan rezerwy był podany 23k, na ZOIS 141k | O19: 0 | P19: 0 | Q19: 0 | R19: 0
A20: Pozycja pasywów | B20: Rezerwa na badanie | C20: 16000 | D20: 8000 | E20: 0 | F20: 0 | G20: =C20 -> 16000 | H20: 0 | I20: =G20-H20 -> 16000 | J20: 0 | L20: w pasywach połączona rezerwa na badanie z rezerwą na urlopy
B21: Pożyczki wobec jednostek powiązanych | C21: =1027402.74+123000+6294.79 -> 1156697.5 | G21: =C21 -> 1156697.5 | H21: =C21-77402.74-6294.79 -> 1073000 | I21: =G21-H21 -> 83697.53 | J21: 0 | K21: wartość podatkowa pomniejszona o odsetki naliczone, a niezapłacone | L21: ok
A22: Pozycja pasywów | B22: Kredyty i pożyczki | C22: 25610.35 | G22: =C22 -> 25610.35 | H22: =C22 -> 25610.35 | I22: 0 | J22: 0 | L22: ok
A23: Pozycja pasywów | B23: Zobowiązania z tytułu leasingów | C23: 102787.82 | G23: =C23 -> 102787.82 | H23: 0 | I23: =G23-H23 -> 102787.82 | L23: ok
A24: Pozycja pasywów | B24: Zobowiązania wobec dostawców do 12 m-cy | C24: =581100.28+14760 -> 595860.28 | D24: 655668.43 | E24: 584239 | F24: 272894.95 | G24: =C24 -> 595860.28 | H24: =C24 -> 595860.28 | I24: 0 | J24: 0 | L24: ok | O24: 0 | P24: 0 | Q24: 0 | R24: 0
A25: Pozycja pasywów | B25: Zobowiązania z tytułu podatków, ceł, ubezpieczeń społecznych i zdrowotnych oraz innych tytułów publicznoprawnych | C25: 813212.35 | D25: 197387.94 | E25: 187974.77 | F25: 137188.69 | G25: =C25 -> 813212.35 | H25: =C25-B30 -> 811011.44 | I25: =G25-H25 -> 2200.91 | J25: 0 | L25: ok | O25: =E25 -> 187974.77 | P25: =E25-62476.33 -> 125498.44 | Q25: =O25-P25 -> 62476.33 | R25: 0
A26: Pozycja pasywów | B26: Zobowiązania z tytułu wynagrodzeń | C26: 668513.65 | D26: 236588.69 | E26: 192947.64 | F26: 150031 | G26: =C26 -> 668513.65 | H26: =C26-B34 -> 520823.13 | I26: =G26-H26 -> 147690.52 | J26: 0 | L26: ok | O26: =E26 -> 192947.64 | P26: =O26-66156.79 -> 126790.85 | Q26: =O26-P26 -> 66156.79 | R26: 0
A27: Pozycja pasywów | B27: Inne zobowiązania krótkoterminowe | C27: 42998.89 | D27: 378976.49 | E27: 6081.92 | F27: 7953.42 | G27: =C27 -> 42998.89 | H27: =C27 -> 42998.89 | I27: 0 | J27: 0 | L27: ok
A28: Pozycja pasywów | B28: Inne rozliczenia międzyokresowe | C28: 39940.24 | D28: 313.01 | E28: 24417.06 | F28: 50983.63 | G28: =C28 -> 39940.24 | H28: =C28 -> 39940.24 | I28: 0 | J28: 0 | L28: ok | O28: =E28 -> 24417.06 | P28: =E28 -> 24417.06 | Q28: 0 | R28: 0
C29: =SUM(C18:C28) -> 3606667.3 | G29: =C29-3606667.26 -> 0 | Q29: =SUM(Q18:Q28) -> 128633.12 | R29: =SUM(R18:R28) -> 0
A30: Narzuty | B30: =SUM(B31:B33) -> 2200.91 | Q30: =Q29+[1]Aktywa!#REF! -> #REF! | R30: =R29+[1]Aktywa!#REF! -> #REF!
A31: U/2024/11 | B31: 774.33 | H31: Razem różnice przejściowe | I31: =SUM(I2:I28) -> 938286.6 | J31: =SUM(J2:J28) -> 159692.44 | R31: =#REF!-#REF! -> #REF!
A32: U/2024/12 | B32: 287.99 | G32: saldo 2024 | H32: Podatek 19% | I32: =I31*0.19 -> 178274.45 | J32: =J31*0.19 -> 30341.564
A33: E2/2024/12 | B33: 1138.59 | J33: =I32-J32 -> 147932.89 | K33: =J33/RZIS!Q61 -> 0.37161494
A34: Wynagrodzenia brutto | B34: =SUM(B35:B38) -> 147690.52
A35: U/2024/12 | B35: 121545.52
A36: UM/*/12/2024/E | B36: 18000 | G36: saldo 2023 | I36: 91067.28 | J36: 17246.8 | K36: =I36-J36 -> 73820.48
A37: U1/2024/12 | B37: 2300 | K37: =J33-K36 -> 74112.41
A38: E2/2024/12 | B38: 5845 | I38: 660WN | J38: 843MA
G39: PK | I39: =I32-I36 -> 87207.174 | J39: =J32-J36 -> 13094.764
J41: =I39-J39 -> 74112.41

Sheet Wskaźniki
A1: Wskaźnik/Rok | B1: Sposób wyliczenia | C1: 2024 | D1: 2023 | E1: 2022 | F1: 2021 | G1: 2020
A2: Rentowność aktywów ROA | B2: zysk netto/aktywa ogółem | C2: =RZIS!Q61/Aktywa!K96 -> 0.076353283 | D2: =RZIS!J61/Aktywa!G96 -> 0.12618052 | E2: =RZIS!C61/Aktywa!C96 -> 0.19447078 | F2: =RZIS!G61/Aktywa!D96 -> 0.11498532 | G2: =RZIS!H61/Aktywa!E96 -> 0.14592553
A3: Rentowność sprzedaży netto ROS | B3: zysk netto/przychody ze sprzedaży netto | C3: =RZIS!Q61/RZIS!Q9 -> 0.020397383 | D3: =RZIS!J61/RZIS!J9 -> 0.030578949 | E3: =RZIS!C61/RZIS!C9 -> 0.049433356 | F3: =RZIS!G61/RZIS!G9 -> 0.030578949 | G3: =RZIS!H61/RZIS!H9 -> 0.078727032
A4: Płynność gotówkowa (I stopnia) | B4: inwestycje krótkoterminowe/zobowiązania krótkoterminowe | C4: =Aktywa!K76/Pasywa!K39 -> 0.065724838 | D4: =Aktywa!G76/Pasywa!G39 -> 0.14803416 | E4: =Aktywa!C76/Pasywa!C39 -> 0.51735577 | F4: =Aktywa!D76/Pasywa!D39 -> 0.59783056 | G4: =Aktywa!E76/Pasywa!E39 -> 0.83693313
A5: Trwałość struktury finansowania | B5: kapitał stały/pasywa ogółem | C5: =Pasywa!K9/Pasywa!K68 -> 0.30572938 | D5: =Pasywa!G9/Pasywa!G68 -> 0.34011934 | E5: =Pasywa!C9/Pasywa!C68 -> 0.38701915 | F5: =Pasywa!D9/Pasywa!D68 -> 0.37109445 | G5: =Pasywa!E9/Pasywa!E68 -> 0.40254843
A6: Rentowność kapitału ROE | B6: zysk netto/kapitał własny | C6: =RZIS!Q61/Pasywa!K9 -> 0.2497414 | D6: =RZIS!J61/Pasywa!G9 -> 0.37098895 | E6: =RZIS!C61/Pasywa!C9 -> 0.50248362
A7: Rentowność kapitału pracującego ROIC | B7: zysk ze sprzedaży/kapitał własny + dług netto | C7: =(RZIS!Q36*0.81)/(Pasywa!K9-Aktywa!K89) -> 0.21216266 | D7: =(RZIS!J36*0.81)/(Pasywa!G9-Aktywa!G89) -> 0.34266825
D9: =RZIS!J57/RZIS!J56 -> 0.018360109
